Workbook

Sheet Cover
C11: LINEE DI INDIRIZZO PER LE RICOGNIZIONI E I PIANI DI RAZIONALIZZAZIONE DEGLI ORGANISMI PARTECIPATI DAGLI ENTI TERITORIALI (ART. 20 D.LGS. N. 175/2016)
E12: ALLEGATO A

Sheet INDICE
D4: INDICE
B6: 01. | D6: SCHEDA ANAGRAFICA
B7: 02. | D7: RICOGNIZIONE DELLE SOCIETÀ PARTECIPATE
C8: 02.01. | D8: Ricognizione delle società a partecipazione diretta
C9: 02.02. | D9: Ricognizione delle società a partecipazione indiretta
C10: 02.03. | D10: Grafico delle relazioni tra partecipazioni
B11: 03. | D11: REQUISITI TESTO UNICO DELLE SOCIETÀ A PARTECIPAZIONE PUBBLICA (T.U.S.P.)
C12: 03.01. | D12: Finalità perseguite e attività ammesse (articoli 4 e 26)
C13: 03.02. | D13: Condizioni art. 20 co. 2
B14: 04. | D14: MANTENIMENTO SENZA INTERVENTI DI RAZIONALIZZAZIONE
B15: 05. | D15: AZIONI DI RAZIONALIZZAZIONE
C16: 05.01. | D16: Contenimento costi
C17: 05.02. | D17: Cessione/Alienazione quote
C18: 05.03. | D18: Liquidazione
C19: 05.04. | D19: Fusione/Incorporazione
C20: 05.05. | D20: Riepilogo
B21: 06. | D21: ELENCO MOTIVAZIONI

Sheet 01_Scheda_anagrafica
C2: LINEE GUIDA PER LE RICOGNIZIONI E I PIANI DI RAZIONALIZZAZIONE DEGLI ORGANISMI PARTECIPATI DAGLI ENTI TERITORIALI (ART. 20 D.LGS. N. 175/2016)
B6: 01. SCHEDA ANAGRAFICA
C8: Tipologia Ente: | D8: Provincia/Città metropolitana
C10: Denominazione Ente: | D10: EMILIA-ROMAGNA | J10: Impostare elenco enti
C12: Codice fiscale dell'Ente: | D12: 00209290352 | J12: Impostare elenco codici fiscali
C14: L'ente ha effettuato la revisione straordinaria ai sensi dell'art. 24, d.lgs. n. 175/2016 | G14: SI
C18: Dati del referente/responsabile per la compilazione del piano
C20: Nome: | F20: Cognome:
C21: CLAUDIA | F21: DEL RIO
C23: Recapiti:
C24: Indirizzo:
C25: C.so Garibaldi 59
C26: Telefono: | F26: Fax:
C27: 0522/444128 | F27: 0522444187
C28: Posta elettronica:
C29: c.delrio@provincia.re.it
J38: Regione | K38: Codice fiscale
J40: Ente | K40: Codice fiscale
J41: ABRUZZO | K41: 80003170661
J42: BASILICATA | K42: 80002950766
J43: CALABRIA | K43: 02205340793
J44: CAMPANIA
J45: EMILIA-ROMAGNA
J46: FRIULI-VENEZIA GIULIA | K46: 80014930327
J47: LAZIO | K47: 80143490581
J48: LIGURIA | K48: 00849050109
J49: LOMBARDIA | K49: 80050050154
J50: MARCHE | K50: 80008630420
J51: MOLISE | K51: 00169440708
J52: PIEMONTE | K52: 80087670016
J53: PROVINCIA AUTONOMA DI BOLZANO | K53: 00390090215
J54: PROVINCIA AUTONOMA DI TRENTO | K54: 00337460224
J55: PUGLIA | K55: 80017210727
J56: SARDEGNA | K56: 80002870923
J57: SICILIA | K57: 80012000826
J58: TOSCANA | K58: 01386030488
J59: TRENTINO ALTO-ADIGE | K59: 80003690221
J60: UMBRIA | K60: 80000130544
J61: VALLE D'AOSTA
J62: VENETO | K62: 80007580279
K69: Regione/Provincia autonoma
K70: Provincia/Città metropolitana
K71: Comune

Sheet 02.01_Ricognizione_Dirette
B1: 02. RICOGNIZIONE DELLE SOCIETÀ PARTECIPATE
B2: Se l'ente partecipa al capitale di una società sia direttamente sia indirettamente, compilare sia la scheda 02.01. sia la scheda 02.02.
B3: 02.01. Ricognizione delle società a partecipazione diretta
B4: Progressivo | C4: Codice fiscale società | D4: Denominazione società | E4: Anno di costituzione | F4: Stato | G4: Anno di inizio della procedura | H4: % Quota di partecipazione | I4: Attività svolta | J4: Partecipazione di controllo | K4: Società in house | L4: Quotata (ai sensi del d.lgs. n. 175/2016) | M4: Holding pura | P4: Note
B5: A | C5: B | D5: C | E5: D | F5: E | G5: F | H5: G | I5: H | J5: I | K5: J | L5: K | M5: L
B6: 1 | C6: 00210880225 | D6: Autostrada del Brennero Spa | E6: 1959 | F6: Attiva | H6: 2.27 | I6: Progettazione, costruzione ed esercizio dell'autostrada A22 - Collegamento Autostrada del Sole | J6: NO | K6: NO | L6: NO | M6: NO | P6: La società è partecipata anche indirettamente tramite l'AZIENDA CONSORTILE TRASPORTI - ACT, pertanto alla quota diretta del 2,18% va aggiunta quella indiretta pari allo 0,094%
B7: 2 | C7: 02558190357 | D7: Agenzia Locale per la Mobilità e il trasporto pubblico locale | E7: 2012 | F7: Attiva | H7: 28.62 | I7: Attività di programmazione e progettazione integrata dei servizi pubblici di trasporto | J7: SI | K7: NO | L7: NO | M7: NO | P7: Controllo analogo congiunto. Qualora i soci decidessero di affidare servizi rientranti nelle finalità statutarie in rapporto sinallagmatico, la società dovrà essere assoggettata a tutte le regole dell’In House.
B8: 3 | C8: 80026270357 | D8: Aeroporto Reggio Emilia Spa | E8: 1969 | F8: Attiva | H8: 17.94 | I8: Attività dei servizi connessi al trasporto aereo | J8: SI | K8: NO | L8: NO | M8: NO | P8: Controllo congiunto per effetto di patti parasociali
B9: 4 | C9: 80010710350 | D9: Centro Ricerche Produzioni Animali - CRPA | E9: 1994 | F9: Attiva | H9: 20.83 | I9: Promuove il progresso tecnico, economico e sociale del settore degli allevamenti e realizza la diffusione delle forme più avanzate di agricoltura ecocompatibile. | J9: SI | K9: NO | L9: NO | M9: NO | P9: Controllo congiunto per effetto di patti parasociali
B10: 5 | C10: 02232330361 | D10: GAL Antico Frignano e Appennino Reggiano Soc. coop. | E10: 1994 | F10: Attiva | H10: 5.02 | I10: Promozione e sviluppo zone montane | J10: NO | K10: NO | L10: NO | M10: NO
B11: 6 | C11: 02770891204 | D11: Lepida Scpa | E11: 2007 | F11: Attiva | H11: 0.001 | I11: Progettazione, realizzazione e gestione di servizi forniti tramite la rete di trasmissione dati a banda larga, realizzata dalla Regione Emilia-Romagna a favore degli Enti Pubblici, ai sensi dell'art. 9, c. 1 L.R. 11/2004 | J11: SI | K11: SI | L11: NO | M11: NO | P11: Controllo analogo congiunto
B12: 7 | C12: 02593290352 | D12: Montefalcone S.r.l. - FALLITA | E12: 2013 | F12: Sono in corso procedure concorsuali (fallimento, amministrazione straordinaria, ecc.) | G12: 2014 | H12: 82.51 | I12: Compravendita di beni immobili effettuata su beni propri | J12: SI | K12: NO | L12: NO | M12: NO
B13: 8 | C13: 00976140350 | D13: Reggio Emilia Fiere S.r.l. - in liquidazione | E13: 1981 | F13: Sono in corso procedure di liquidazione volontaria o scioglimento | G13: 2015 | H13: 12.72 | I13: Gestione di centri fieristici e specificamente dei beni immobili e mobili adibiti a finalità ed usi fieristici, attività utili per lo sviluppo socio-economico della provincia di Reggio Emilia, realizzazione di immobili e di infrastrutture occorrenti | J13: NO | K13: NO | L13: NO | M13: NO
B14: 9 | C14: 01146640352 | D14: Reggio Emilia Innovazione scrl - in liquidazione | E14: 1983 | F14: Sono in corso procedure di liquidazione volontaria o scioglimento | G14: 2017 | H14: 15.09 | I14: Prestazioni di servizi alle aziende in forma di prove di laboratorio e attività tecniche correlate | J14: NO | K14: NO | L14: NO | M14: NO
B16: Le società a partecipazione diretta (quotate e non quotate) sono sempre oggetto di ricognizione, anche se non controllate dall'ente.
B17: Colonna B: Inserire codice di 11 cifre per le società aventi sede in Italia; codice di 11 cifre seguito da "E" per le società aventi sede all'estero.
B18: Colonna C: Inserire la ragione sociale comprensiva della forma giuridica.
B19: Colonna F: Selezionare l'anno dal menù a tendina solo se nel campo "stato" è stata selezionata una delle seguenti opzioni: "cessata"; "sospesa"; "Sono in corso procedure concorsuali"; "Sono in corso procedure di liquidazione volontaria o scioglimento".
B20: Colonna G: Inserire valori comprensivi di decimali.
B21: Colonna H: Inserire una descrizione sintetica della/e attività effettivamente svolta/e.
B22: Colonna I: Indicare se la partecipazione detenuta dall'amministrazione è di controllo ai sensi dell'art. 2359 c.c.
B23: Colonna J: Indicare "SI" se l'Amministrazione esercita il controllo analogo o più Amministrazioni esercitano il controllo analogo congiunto.
B24: Colonna K: Indicare "SI" se la società emette azioni quotate in mercati regolamentati; se ha emesso strumenti finanziari quotati in mercati regolamentati;
B25: se sia partecipata da società quotate o che hanno emesso strumenti finanziari quotati.
B26: Colonna L: Indicare "SI" se la società ha come oggetto sociale esclusivo la gestione delle partecipazioni societarie per conto dell'Amministrazione.
N64: SI | O64: 2017
N65: NO | O65: =+O64-1 -> 2016
N66: Attiva | O66: =+O65-1 -> 2015
N67: Cessata | O67: =+O66-1 -> 2014
N68: Inattiva | O68: =+O67-1 -> 2013
N69: Sospesa | O69: =+O68-1 -> 2012
N70: Sono in corso procedure concorsuali (fallimento, amministrazione straordinaria, ecc.) | O70: =+O69-1 -> 2011
N71: Sono in corso procedure di liquidazione volontaria o scioglimento | O71: =+O70-1 -> 2010
O72: =+O71-1 -> 2009
O73: =+O72-1 -> 2008
O74: =+O73-1 -> 2007
O75: =+O74-1 -> 2006
O76: =+O75-1 -> 2005
O77: =+O76-1 -> 2004
O78: =+O77-1 -> 2003
O79: =+O78-1 -> 2002
O80: =+O79-1 -> 2001
O81: =+O80-1 -> 2000
O82: =+O81-1 -> 1999
O83: =+O82-1 -> 1998
... O233: =+O232-1 -> 1848

Sheet 02.02_Ricognizione_Indirette
B1: 02. RICOGNIZIONE DELLE SOCIETÀ PARTECIPATE
B2: 02.02. Ricognizione delle società a partecipazione indiretta
B4: Progressivo | C4: Codice fiscale società | D4: Denominazione società | E4: Anno di costituzione | F4: Stato | G4: Anno di inizio della procedura | H4: Denominazione società/organismo tramite | I4: % Quota di partecipazione società/organismo tramite | J4: % Quota di partecipazione indiretta Amministrazione | K4: Attività svolta | L4: Partecipazione di controllo | M4: Società in house | N4: Quotata (ai sensi del d.lgs. n. 175/2016) | O4: Quotata (ai sensi del d.lgs. n. 175/2016) | P4: Holding pura
B5: A | C5: B | D5: C | E5: D | F5: E | G5: F | H5: G | I5: H | J5: I | K5: J | L5: K | M5: L | N5: M | O5: K | P5: L
B6: 1 | C6: 02120330358 | D6: CONSORZIO ANTINCENDIO AEROPORTO DI REGGIO EMILIA SCRL | E6: 2004 | F6: Attiva | H6: AEROPORTO DI REGGIO EMILIA SPA | I6: 49.77 | J6: 8.93 | K6: Espletamento dei servizi antincendio ai sensi della L. 930 del 23/12/1980 | L6: NO | M6: NO | N6: NO | Q6: dal 30/09/2019 è cessata l'attività di direzione e coordinamento di Aeroporto Spa
B7: 2 | C7: 04237330370 | D7: DINAMICA SCRL | E7: 1995 | F7: Attiva | H7: C.R.P.A. SPA | I7: 88 | J7: 18.33 | K7: Ricerca e sviluppo nel comparto dell'economia agraria | L7: SI | M7: NO | N7: NO
B16: Le società a partecipazione indiretta (quotate e non quotate) sono oggetto di ricognizione solo se detenute dall’ente per il tramite di una società/organismo sottoposto a controllo da parte dello stesso.
B17: Colonna B: Inserire codice di 11 cifre per le società aventi sede in Italia; codice di 11 cifre seguito da "E" per le società aventi sede all'estero.
B18: Colonna C: Inserire la ragione sociale comprensiva della forma giuridica.
B19: Colonna F: Selezionare l'anno dal menù a tendina solo se nel campo "stato" è stata selezionata una delle seguenti opzioni: "cessata"; "sospesa"; "Sono in corso procedure concorsuali"; "Sono in corso procedure di liquidazione volontaria o scioglimento".
B20: Colonna G: Inserire la denominazione delle società/organismi (1 o +) attraverso le quali l'ente partecipa alle medesime. Per le indirette di livello successivo, inserire la denominazione delle società/organismi
B21: partecipanti (1 o +) del livello immediatamente precedente.
B22: Colonna H: indicare separatamente ciascuna quota di partecipazione (comprensiva di decimali) qualora la partecipazione sia detenuta attraverso 2 o + società/organismi tramite.
B23: Colonna I: indicare una unica quota di partecipazione (comprensiva di decimali) determinata in proporzione alla quote di partecipazione dei livelli precedenti.
B24: Colonna J: Inserire una descrizione sintetica della/e attività effettivamente svolta/e.
B25: Colonna K: Indicare se la partecipazione detenuta dall'amministrazione è di controllo ai sensi dell'art. 2359 c.c.
B26: Colonna L: Indicare "SI" se l'Amministrazione esercita il controllo analogo o più Amministrazioni esercitano il controllo analogo congiunto.
B27: Colonna M: Indicare "SI" se la società emette azioni quotate in mercati regolamentati; se ha emesso strumenti finanziari quotati in mercati regolamentati;
B28: se sia partecipata da società quotate o che hanno emesso strumenti finanziari quotati.
O76: SI | P76: 2017
O77: NO | P77: =+P76-1 -> 2016
O78: Attiva | P78: =+P77-1 -> 2015
O79: Cessata | P79: =+P78-1 -> 2014
O80: Inattiva | P80: =+P79-1 -> 2013
O81: Sospesa | P81: =+P80-1 -> 2012
O82: Sono in corso procedure concorsuali (fallimento, amministrazione straordinaria, ecc.) | P82: =+P81-1 -> 2011
O83: Sono in corso procedure di liquidazione volontaria o scioglimento | P83: =+P82-1 -> 2010
P84: =+P83-1 -> 2009
P85: =+P84-1 -> 2008
P86: =+P85-1 -> 2007
P87: =+P86-1 -> 2006
P88: =+P87-1 -> 2005
P89: =+P88-1 -> 2004
P90: =+P89-1 -> 2003
P91: =+P90-1 -> 2002
P92: =+P91-1 -> 2001
P93: =+P92-1 -> 2000
P94: =+P93-1 -> 1999
P95: =+P94-1 -> 1998
... P245: =+P244-1 -> 1848

Sheet 02.03_Grafico_Relazioni
A1: 02. RICOGNIZIONE DELLE SOCIETÀ PARTECIPATE
A2: 02.03. Grafico delle relazioni tra partecipazioni
E23: 0.88 | G23: 0.4977

Sheet 03.01_Finalità_Autobren
B2: 03. REQUISITI TESTO UNICO DELLE SOCIETÀ A PARTECIPAZIONE PUBBLICA
B3: 03.01. Finalità perseguite e attività ammesse (articoli 1, 4 e 26)
B4: Compilare una scheda per ciascuna società
D5: Progressivo società partecipata: | E5: 1 | G5: (a)
D7: Denominazione società partecipata: | E7: Autostrada del Brennero Spa | G7: (b)
D9: Tipo partecipazione: | E9: sia diretta che indiretta | G9: (c)
D11: Attività svolta: | E11: Progettazione, costruzione ed esercizio dell'autostrada A22 - Collegamento Autostrada del Sole | G11: (d)
B13: indicare se la società:
A14: - | B14: È a partecipazione pubblica di diritto singolare (art. 1 co. 4)
A16: - | B16: Rientra nell'Allegato "A" del d.lgs. n. 175/2016 (art. 26, co. 2)
A18: - | B18: Ha come oggetto esclusivo la gestione di fondi europei per conto dello Stato o delle Regioni, ovvero la realizzazione di progetti di ricerca finanziati dalle istituzioni dell'Unione Europea (art. 26, co. 2)
A20: - | B20: È stata esclusa, con deliberazione adottata ai sensi dell'art. 4 co. 9, secondo periodo, dall'applicazione totale o parziale delle disposizioni del medesimo articolo (solo per le società partecipate dalle Regioni/Prov. Aut.)
A22: - | B22: È destinataria dei provvedimenti di cui al d.lgs. n. 159/2011 (art. 26, co. 12-bis)
A24: - | B24: È autorizzata alla gestione delle case da gioco, ai sensi della legislazione vigente (art. 26, co. 12-sexies)
N25: _
B26: Qualora non sia stata selezionata alcuna delle opzioni indicate ai punti precedenti, indicare se la società:
A27: - | B27: È costituita in attuazione dell'art. 34 del regolamento CE n. 13/2013 - Gruppi d'Azione Locale (art. 4, co. 6)
A29: - | B29: Ha per oggetto sociale prevalente la gestione di spazi fieristici e l'organizzazione di eventi fieristici (art. 4, co. 7)
A31: - | B31: Ha per oggetto sociale prevalente la realizzazione e la gestione di impianti di trasporto a fune per la mobilità turistico-sportiva in aree montane (art. 4, co. 7)
A33: - | B33: Ha per oggetto sociale prevalente la produzione di energia da fonti rinnovabili (art. 4, co. 7)
A35: - | B35: Ha caratteristiche di spin off o di start up universitario, o analoghe a quelle degli enti di ricerca, ovvero gestisce aziende agricole con funzioni didattiche (art. 4, co. 8)
A37: - | B37: Produce un servizio di interesse generale a rete (di cui all'art. 3-bis del d.l. 138/2011) fuori dall'ambito territoriale di riferimento, con affidamento dei servizi, in corso e nuovi, tramite procedure ad evidenza pubblica (art. 4, co. 9-bis)
A39: - | B39: Produce beni e servizi strettamente necessari per il perseguimento delle finalità istituzionali dell'ente (art. 4, co. 1)
A41: - | B41: Produce un servizio di interesse generale (art. 4, co. 2, lett. a)
A43: - | B43: Progetta e realizza un'opera pubblica sulla base di un accordo di programma fra amministrazioni pubbliche (art. 4, co. 2, lett. b)
A45: - | B45: Realizza e gestisce un'opera pubblica ovvero organizza e gestisce un servizio di interesse generale attraverso un contratto di partenariato pubblico/privato (art. 4, co. 2, lett. c)
A47: - | B47: Produce beni o servizi strumentali all'ente o agli enti pubblici partecipanti o alla svolgimento delle loro funzioni(art. 4, co. 2, lett. d)
A49: - | B49: Svolge servizi di committenza (art. 4, co. 2, lett. e)
A51: - | B51: Valorizza il patrimonio immobiliare dell'amministrazione partecipante (art. 4, co. 3)
B53: Indicare le motivazioni della riconducibilità o meno ai vincoli di scopo di cui al co. 1 o ad una delle attività di cui ai commi 2 e 3, anche con riferimento alle società che svolgono le attività di cui ai commi 6, 7, 8:
B54: La società svolge funzioni di interesse generale compatibili con le funzioni assegnate alla Provincia dalla L. 56/2014 quali la viabilità e i trasporti. La partecipazione consente all'Ente di intervenire sulla pianificazione del sistema viabilistico di lungo percorso sul territorio provinciale.
B56: (a): Inserire uno dei progressivi già indicati nelle schede di ricognizione (02.01; 02.02).
B57: (b): Inserire la ragione sociale come indicata nelle schede di ricognizione (02.01; 02.02).
B58: (c): Indicare il tipo di partecipazione distinguendo i casi in cui la società sia partecipata direttamente, indirettamente (tramite altra società/organismo),
B59: ovvero in parte direttamente e in parte indirettamente.
B60: (d): Inserire l'attività come indicata nelle schede di ricognizione (02.01; 02.02).

Sheet 03.01_Agenzia_Mobilità
B2: 03. REQUISITI TESTO UNICO DELLE SOCIETÀ A PARTECIPAZIONE PUBBLICA
B3: 03.01. Finalità perseguite e attività ammesse (articoli 1, 4 e 26)
B4: Compilare una scheda per ciascuna società
D5: Progressivo società partecipata: | E5: 2 | G5: (a)
D7: Denominazione società partecipata: | E7: Agenzia Locale per la Mobilità e il Trasporto pubblico locale Srl | G7: (b)
D9: Tipo partecipazione: | E9: Diretta | G9: (c)
D11: Attività svolta: | E11: Attività di programmazione e progettazione integrata dei servizi pubblici di trasporto | G11: (d)
B13: indicare se la società:
A14: - | B14: È a partecipazione pubblica di diritto singolare (art. 1 co. 4)
A16: - | B16: Rientra nell'Allegato "A" del d.lgs. n. 175/2016 (art. 26, co. 2)
A18: - | B18: Ha come oggetto esclusivo la gestione di fondi europei per conto dello Stato o delle Regioni, ovvero la realizzazione di progetti di ricerca finanziati dalle istituzioni dell'Unione Europea (art. 26, co. 2)
A20: - | B20: È stata esclusa, con deliberazione adottata ai sensi dell'art. 4 co. 9, secondo periodo, dall'applicazione totale o parziale delle disposizioni del medesimo articolo (solo per le società partecipate dalle Regioni/Prov. Aut.)
A22: - | B22: È destinataria dei provvedimenti di cui al d.lgs. n. 159/2011 (art. 26, co. 12-bis)
A24: - | B24: È autorizzata alla gestione delle case da gioco, ai sensi della legislazione vigente (art. 26, co. 12-sexies)
B26: Qualora non sia stata selezionata alcuna delle opzioni indicate ai punti precedenti, indicare se la società:
A27: - | B27: È costituita in attuazione dell'art. 34 del regolamento CE n. 13/2013 - Gruppi d'Azione Locale (art. 4, co. 6)
A29: - | B29: Ha per oggetto sociale prevalente la gestione di spazi fieristici e l'organizzazione di eventi fieristici (art. 4, co. 7)
A31: - | B31: Ha per oggetto sociale prevalente la realizzazione e la gestione di impianti di trasporto a fune per la mobilità turistico-sportiva in aree montane (art. 4, co. 7)
A33: - | B33: Ha per oggetto sociale prevalente la produzione di energia da fonti rinnovabili (art. 4, co. 7)
A35: - | B35: Ha caratteristiche di spin off o di start up universitario, o analoghe a quelle degli enti di ricerca, ovvero gestisce aziende agricole con funzioni didattiche (art. 4, co. 8)
A37: - | B37: Produce un servizio di interesse generale a rete (di cui all'art. 3-bis del d.l. 138/2011) fuori dall'ambito territoriale di riferimento, con affidamento dei servizi, in corso e nuovi, tramite procedure ad evidenza pubblica (art. 4, co. 9-bis)
A39: - | B39: Produce beni e servizi strettamente necessari per il perseguimento delle finalità istituzionali dell'ente (art. 4, co. 1)
A41: - | B41: Produce un servizio di interesse generale (art. 4, co. 2, lett. a)
A43: - | B43: Progetta e realizza un'opera pubblica sulla base di un accordo di programma fra amministrazioni pubbliche (art. 4, co. 2, lett. b)
A45: - | B45: Realizza e gestisce un'opera pubblica ovvero organizza e gestisce un servizio di interesse generale attraverso un contratto di partenariato pubblico/privato (art. 4, co. 2, lett. c)
A47: - | B47: Produce beni o servizi strumentali all'ente o agli enti pubblici partecipanti o alla svolgimento delle loro funzioni(art. 4, co. 2, lett. d)
A49: - | B49: Svolge servizi di committenza (art. 4, co. 2, lett. e)
A51: - | B51: Valorizza il patrimonio immobiliare dell'amministrazione partecipante (art. 4, co. 3)
B53: Indicare le motivazioni della riconducibilità o meno ai vincoli di scopo di cui al co. 1 o ad una delle attività di cui ai commi 2 e 3, anche con riferimento alle società che svolgono le attività di cui ai commi 6, 7, 8:
B54: I trasporti sono una delle funzioni fondamentali della Provincia. La sua costituzione è avvenuta in attuazione degli articoli 24 e 25 della L.R. 30 giugno 2008, n. 10 e per le finalità di cui alla L. R. Emilia Romagna n. 30 del 2 ottobre 1998. La partecipazione della Provincia di Reggio Emilia è obbligatoria alla luce della normativa pertanto la valutazione di stretta necessità è già stata compiuta dal legislatore a monte con l'emanazione delle leggi citate.
B56: (a): Inserire uno dei progressivi già indicati nelle schede di ricognizione (02.01; 02.02).
B57: (b): Inserire la ragione sociale come indicata nelle schede di ricognizione (02.01; 02.02).
B58: (c): Indicare il tipo di partecipazione distinguendo i casi in cui la società sia partecipata direttamente, indirettamente (tramite altra società/organismo),
B59: ovvero in parte direttamente e in parte indirettamente.
B60: (d): Inserire l'attività come indicata nelle schede di ricognizione (02.01; 02.02).

Sheet 03.01_Aeroporto
B2: 03. REQUISITI TESTO UNICO DELLE SOCIETÀ A PARTECIPAZIONE PUBBLICA
B3: 03.01. Finalità perseguite e attività ammesse (articoli 1, 4 e 26)
B4: Compilare una scheda per ciascuna società
D5: Progressivo società partecipata: | E5: 3 | G5: (a)
D7: Denominazione società partecipata: | E7: Aeroporto Reggio Emilia Spa | G7: (b)
D9: Tipo partecipazione: | E9: Diretta | G9: (c)
D11: Attività svolta: | E11: Attività dei servizi connessi al trasporto aereo | G11: (d)
B13: indicare se la società:
A14: - | B14: È a partecipazione pubblica di diritto singolare (art. 1 co. 4)
A16: - | B16: Rientra nell'Allegato "A" del d.lgs. n. 175/2016 (art. 26, co. 2)
A18: - | B18: Ha come oggetto esclusivo la gestione di fondi europei per conto dello Stato o delle Regioni, ovvero la realizzazione di progetti di ricerca finanziati dalle istituzioni dell'Unione Europea (art. 26, co. 2)
A20: - | B20: È stata esclusa, con deliberazione adottata ai sensi dell'art. 4 co. 9, secondo periodo, dall'applicazione totale o parziale delle disposizioni del medesimo articolo (solo per le società partecipate dalle Regioni/Prov. Aut.)
A22: - | B22: È destinataria dei provvedimenti di cui al d.lgs. n. 159/2011 (art. 26, co. 12-bis)
A24: - | B24: È autorizzata alla gestione delle case da gioco, ai sensi della legislazione vigente (art. 26, co. 12-sexies)
B26: Qualora non sia stata selezionata alcuna delle opzioni indicate ai punti precedenti, indicare se la società:
A27: - | B27: È costituita in attuazione dell'art. 34 del regolamento CE n. 13/2013 - Gruppi d'Azione Locale (art. 4, co. 6)
A29: - | B29: Ha per oggetto sociale prevalente la gestione di spazi fieristici e l'organizzazione di eventi fieristici (art. 4, co. 7)
A31: - | B31: Ha per oggetto sociale prevalente la realizzazione e la gestione di impianti di trasporto a fune per la mobilità turistico-sportiva in aree montane (art. 4, co. 7)
A33: - | B33: Ha per oggetto sociale prevalente la produzione di energia da fonti rinnovabili (art. 4, co. 7)
A35: - | B35: Ha caratteristiche di spin off o di start up universitario, o analoghe a quelle degli enti di ricerca, ovvero gestisce aziende agricole con funzioni didattiche (art. 4, co. 8)
A37: - | B37: Produce un servizio di interesse generale a rete (di cui all'art. 3-bis del d.l. 138/2011) fuori dall'ambito territoriale di riferimento, con affidamento dei servizi, in corso e nuovi, tramite procedure ad evidenza pubblica (art. 4, co. 9-bis)
A39: - | B39: Produce beni e servizi strettamente necessari per il perseguimento delle finalità istituzionali dell'ente (art. 4, co. 1)
A41: - | B41: Produce un servizio di interesse generale (art. 4, co. 2, lett. a)
A43: - | B43: Progetta e realizza un'opera pubblica sulla base di un accordo di programma fra amministrazioni pubbliche (art. 4, co. 2, lett. b)
A45: - | B45: Realizza e gestisce un'opera pubblica ovvero organizza e gestisce un servizio di interesse generale attraverso un contratto di partenariato pubblico/privato (art. 4, co. 2, lett. c)
A47: - | B47: Produce beni o servizi strumentali all'ente o agli enti pubblici partecipanti o alla svolgimento delle loro funzioni(art. 4, co. 2, lett. d)
A49: - | B49: Svolge servizi di committenza (art. 4, co. 2, lett. e)
A51: - | B51: Valorizza il patrimonio immobiliare dell'amministrazione partecipante (art. 4, co. 3)
B53: Indicare le motivazioni della riconducibilità o meno ai vincoli di scopo di cui al co. 1 o ad una delle attività di cui ai commi 2 e 3, anche con riferimento alle società che svolgono le attività di cui ai commi 6, 7, 8:
B54: La società, che opera nell'ambito del trasporto aereo e dei servizi aeroportuali annessi, rende disponibili beni e servizi essenziali alla comunità reggiana. Pertanto, mediante accordo sottoscritto in data 26/09/2017, le Unioni dei comuni reggiani hanno affidato alla Provincia di Reggio Emilia, ai sensi dell'art. 1 comma 85, lett. d), della legge 56/2014, la tutela dei comuni interessi in questo ambito da attuarsi mediante l'esercizio, in qualità di socio di Aeroporto Spa, dei relativi poteri di indirizzo. La società è costituita ai sensi dell'art. 10, comma 13 L.537/93 il quale prevede che "entro l'anno 1994 sono costituite apposite società di capitale per la gestione dei servizi e per la realizzazione delle infrastrutture degli aeroporti gestiti anche in parte dallo Stato. Alle predette società possono partecipare anche le regioni e gli enti locali interessati".
B55: Successivamente con l'art. 2, comma 1 D.M. 521/97 viene disposta la costituzione di società di capitali per la gestione dei servizi e infrastrutture degli aeroporti gestiti in parte dallo Stato: Natura e soci delle società di gestione aeroportuale: sono costituite esclusivamente sotto forma di società di capitale, secondo la disciplina del codice civile, ed in qualità di soci possono partecipare, senza il vincolo della proprietà maggioritaria, anche le regioni, le province, i comuni e gli enti locali nonchè le camere di commercio, industria e artigianato interessati. La società inoltre è indispensabile a supporto dei programmi e delle politiche istituzionali del territorio reggiano: ha partecipato al Bando "POR FESR - Asse 5 Valorizzazione delle risorse artistiche, culturali ed ambientali tramite il progetto "Arena campovolo" come dettagliato nelle motivazioni del mantenimento al foglio 4.
B56: (a): Inserire uno dei progressivi già indicati nelle schede di ricognizione (02.01; 02.02).
B57: (b): Inserire la ragione sociale come indicata nelle schede di ricognizione (02.01; 02.02).
B58: (c): Indicare il tipo di partecipazione distinguendo i casi in cui la società sia partecipata direttamente, indirettamente (tramite altra società/organismo),
B59: ovvero in parte direttamente e in parte indirettamente.
B60: (d): Inserire l'attività come indicata nelle schede di ricognizione (02.01; 02.02).

Sheet 03.01_CRPA
B2: 03. REQUISITI TESTO UNICO DELLE SOCIETÀ A PARTECIPAZIONE PUBBLICA
B3: 03.01. Finalità perseguite e attività ammesse (articoli 1, 4 e 26)
B4: Compilare una scheda per ciascuna società
D5: Progressivo società partecipata: | E5: 4 | G5: (a)
D7: Denominazione società partecipata: | E7: Centro Ricerche Produzioni Animali - CRPA Spa | G7: (b)
D9: Tipo partecipazione: | E9: Diretta | G9: (c)
D11: Attività svolta: | E11: Promuove il progresso tecnico, economico e sociale del settore degli allevamenti e realizza la diffusione delle forme più avanzate di agricoltura ecocompatibile. | G11: (d)
B13: indicare se la società:
A14: - | B14: È a partecipazione pubblica di diritto singolare (art. 1 co. 4)
A16: - | B16: Rientra nell'Allegato "A" del d.lgs. n. 175/2016 (art. 26, co. 2)
A18: - | B18: Ha come oggetto esclusivo la gestione di fondi europei per conto dello Stato o delle Regioni, ovvero la realizzazione di progetti di ricerca finanziati dalle istituzioni dell'Unione Europea (art. 26, co. 2)
A20: - | B20: È stata esclusa, con deliberazione adottata ai sensi dell'art. 4 co. 9, secondo periodo, dall'applicazione totale o parziale delle disposizioni del medesimo articolo (solo per le società partecipate dalle Regioni/Prov. Aut.)
A22: - | B22: È destinataria dei provvedimenti di cui al d.lgs. n. 159/2011 (art. 26, co. 12-bis)
A24: - | B24: È autorizzata alla gestione delle case da gioco, ai sensi della legislazione vigente (art. 26, co. 12-sexies)
B26: Qualora non sia stata selezionata alcuna delle opzioni indicate ai punti precedenti, indicare se la società:
A27: - | B27: È costituita in attuazione dell'art. 34 del regolamento CE n. 13/2013 - Gruppi d'Azione Locale (art. 4, co. 6)
A29: - | B29: Ha per oggetto sociale prevalente la gestione di spazi fieristici e l'organizzazione di eventi fieristici (art. 4, co. 7)
A31: - | B31: Ha per oggetto sociale prevalente la realizzazione e la gestione di impianti di trasporto a fune per la mobilità turistico-sportiva in aree montane (art. 4, co. 7)
A33: - | B33: Ha per oggetto sociale prevalente la produzione di energia da fonti rinnovabili (art. 4, co. 7)
A35: - | B35: Ha caratteristiche di spin off o di start up universitario, o analoghe a quelle degli enti di ricerca, ovvero gestisce aziende agricole con funzioni didattiche (art. 4, co. 8)
A37: - | B37: Produce un servizio di interesse generale a rete (di cui all'art. 3-bis del d.l. 138/2011) fuori dall'ambito territoriale di riferimento, con affidamento dei servizi, in corso e nuovi, tramite procedure ad evidenza pubblica (art. 4, co. 9-bis)
A39: - | B39: Produce beni e servizi strettamente necessari per il perseguimento delle finalità istituzionali dell'ente (art. 4, co. 1)
A41: - | B41: Produce un servizio di interesse generale (art. 4, co. 2, lett. a)
A43: - | B43: Progetta e realizza un'opera pubblica sulla base di un accordo di programma fra amministrazioni pubbliche (art. 4, co. 2, lett. b)
A45: - | B45: Realizza e gestisce un'opera pubblica ovvero organizza e gestisce un servizio di interesse generale attraverso un contratto di partenariato pubblico/privato (art. 4, co. 2, lett. c)
A47: - | B47: Produce beni o servizi strumentali all'ente o agli enti pubblici partecipanti o alla svolgimento delle loro funzioni(art. 4, co. 2, lett. d)
A49: - | B49: Svolge servizi di committenza (art. 4, co. 2, lett. e)
A51: - | B51: Valorizza il patrimonio immobiliare dell'amministrazione partecipante (art. 4, co. 3)
B53: Indicare le motivazioni della riconducibilità o meno ai vincoli di scopo di cui al co. 1 o ad una delle attività di cui ai commi 2 e 3, anche con riferimento alle società che svolgono le attività di cui ai commi 6, 7, 8:
B54: La società, che opera nell'ambito dello sviluppo produttivo in ambito agricolo, rende disponibili beni e servizi essenziali alla comunità reggiana, la cui economia è fortemente caratterizzata da attività agricole avanzate. Pertanto, mediante accordo sottoscritto in data 26/09/2017, le Unioni dei comuni reggiani hanno affidato alla Provincia di Reggio Emilia, ai sensi dell'art. 1 comma 85, lett. d), della legge 56/2014, la tutela dei comuni interessi in questo ambito da attuarsi mediante l'esercizio, in qualità di socio di CRPA Spa, dei relativi poteri di indirizzo. L'attività svolta è a supporto delle politiche del territorio. L'attività svolta dalla società rientra anche nel comma 8 dell'articolo 4 che stabilisce “E' fatta salva la possibilità di costituire, ai sensi degli articoli 2 e 3 del decreto legislativo 27 luglio 1999, n. 297, le società con caratteristiche di spin off o di start up universitari previste dall'articolo 6, comma 9, della legge 30 dicembre 2010, n. 240, nonche' quelle con caratteristiche analoghe degli enti di ricerca.”
B56: (a): Inserire uno dei progressivi già indicati nelle schede di ricognizione (02.01; 02.02).
B57: (b): Inserire la ragione sociale come indicata nelle schede di ricognizione (02.01; 02.02).
B58: (c): Indicare il tipo di partecipazione distinguendo i casi in cui la società sia partecipata direttamente, indirettamente (tramite altra società/organismo),
B59: ovvero in parte direttamente e in parte indirettamente.
B60: (d): Inserire l'attività come indicata nelle schede di ricognizione (02.01; 02.02).

Sheet 03.01_ GAL
B2: 03. REQUISITI TESTO UNICO DELLE SOCIETÀ A PARTECIPAZIONE PUBBLICA
B3: 03.01. Finalità perseguite e attività ammesse (articoli 1, 4 e 26)
B4: Compilare una scheda per ciascuna società
D5: Progressivo società partecipata: | E5: 5 | G5: (a)
D7: Denominazione società partecipata: | E7: GAL Antico frignano e Appennino Reggiano Soc. Coop. | G7: (b)
D9: Tipo partecipazione: | E9: Diretta | G9: (c)
D11: Attività svolta: | E11: Promozione e sviluppo zone montane | G11: (d)
B13: indicare se la società:
A14: - | B14: È a partecipazione pubblica di diritto singolare (art. 1 co. 4)
A16: - | B16: Rientra nell'Allegato "A" del d.lgs. n. 175/2016 (art. 26, co. 2)
A18: - | B18: Ha come oggetto esclusivo la gestione di fondi europei per conto dello Stato o delle Regioni, ovvero la realizzazione di progetti di ricerca finanziati dalle istituzioni dell'Unione Europea (art. 26, co. 2)
A20: - | B20: È stata esclusa, con deliberazione adottata ai sensi dell'art. 4 co. 9, secondo periodo, dall'applicazione totale o parziale delle disposizioni del medesimo articolo (solo per le società partecipate dalle Regioni/Prov. Aut.)
A22: - | B22: È destinataria dei provvedimenti di cui al d.lgs. n. 159/2011 (art. 26, co. 12-bis)
A24: - | B24: È autorizzata alla gestione delle case da gioco, ai sensi della legislazione vigente (art. 26, co. 12-sexies)
B26: Qualora non sia stata selezionata alcuna delle opzioni indicate ai punti precedenti, indicare se la società:
A27: - | B27: È costituita in attuazione dell'art. 34 del regolamento CE n. 13/2013 - Gruppi d'Azione Locale (art. 4, co. 6)
A29: - | B29: Ha per oggetto sociale prevalente la gestione di spazi fieristici e l'organizzazione di eventi fieristici (art. 4, co. 7)
A31: - | B31: Ha per oggetto sociale prevalente la realizzazione e la gestione di impianti di trasporto a fune per la mobilità turistico-sportiva in aree montane (art. 4, co. 7)
A33: - | B33: Ha per oggetto sociale prevalente la produzione di energia da fonti rinnovabili (art. 4, co. 7)
A35: - | B35: Ha caratteristiche di spin off o di start up universitario, o analoghe a quelle degli enti di ricerca, ovvero gestisce aziende agricole con funzioni didattiche (art. 4, co. 8)
A37: - | B37: Produce un servizio di interesse generale a rete (di cui all'art. 3-bis del d.l. 138/2011) fuori dall'ambito territoriale di riferimento, con affidamento dei servizi, in corso e nuovi, tramite procedure ad evidenza pubblica (art. 4, co. 9-bis)
A39: - | B39: Produce beni e servizi strettamente necessari per il perseguimento delle finalità istituzionali dell'ente (art. 4, co. 1)
A41: - | B41: Produce un servizio di interesse generale (art. 4, co. 2, lett. a)
A43: - | B43: Progetta e realizza un'opera pubblica sulla base di un accordo di programma fra amministrazioni pubbliche (art. 4, co. 2, lett. b)
A45: - | B45: Realizza e gestisce un'opera pubblica ovvero organizza e gestisce un servizio di interesse generale attraverso un contratto di partenariato pubblico/privato (art. 4, co. 2, lett. c)
A47: - | B47: Produce beni o servizi strumentali all'ente o agli enti pubblici partecipanti o alla svolgimento delle loro funzioni(art. 4, co. 2, lett. d)
A49: - | B49: Svolge servizi di committenza (art. 4, co. 2, lett. e)
A51: - | B51: Valorizza il patrimonio immobiliare dell'amministrazione partecipante (art. 4, co. 3)
B53: Indicare le motivazioni della riconducibilità o meno ai vincoli di scopo di cui al co. 1 o ad una delle attività di cui ai commi 2 e 3, anche con riferimento alle società che svolgono le attività di cui ai commi 6, 7, 8:
B54: La società coop. a r. l., è un soggetto obbligatorio previsto dal regolamento CE 13/2013 ai fini della programmazione e gestione delle risorse comunitarie per le aree agricole montane, rende quindi disponibili beni e servizi essenziali direttamente alle aree montane e più in generale a tutta la comunità economica reggiana. Pertanto, mediante accordo sottoscritto in data 26/09/2017, le Unioni dei comuni reggiani hanno affidato alla Provincia di Reggio Emilia, ai sensi dell'art. 1 comma 85, lett. d), della legge 56/2014, la tutela dei comuni interessi in questo ambito da attuarsi mediante l'esercizio, in qualità di socio del GAL, dei relativi poteri di indirizzo.
B56: (a): Inserire uno dei progressivi già indicati nelle schede di ricognizione (02.01; 02.02).
B57: (b): Inserire la ragione sociale come indicata nelle schede di ricognizione (02.01; 02.02).
B58: (c): Indicare il tipo di partecipazione distinguendo i casi in cui la società sia partecipata direttamente, indirettamente (tramite altra società/organismo),
B59: ovvero in parte direttamente e in parte indirettamente.
B60: (d): Inserire l'attività come indicata nelle schede di ricognizione (02.01; 02.02).

Sheet 03.01_ Lepida
B2: 03. REQUISITI TESTO UNICO DELLE SOCIETÀ A PARTECIPAZIONE PUBBLICA
B3: 03.01. Finalità perseguite e attività ammesse (articoli 1, 4 e 26)
B4: Compilare una scheda per ciascuna società
D5: Progressivo società partecipata: | E5: 6 | G5: (a)
D7: Denominazione società partecipata: | E7: Lepida Scpa | G7: (b)
D9: Tipo partecipazione: | E9: Diretta | G9: (c)
D11: Attività svolta: | E11: Progettazione, realizzazione e gestione di servizi forniti tramite la rete di trasmissione dati a banda larga, realizzata dalla Regione Emilia-Romagna a favore degli Enti Pubblici, ai sensi dell'art. 9, c. 1 L.R. 11/2004 | G11: (d)
B13: indicare se la società:
A14: - | B14: È a partecipazione pubblica di diritto singolare (art. 1 co. 4)
A16: - | B16: Rientra nell'Allegato "A" del d.lgs. n. 175/2016 (art. 26, co. 2)
A18: - | B18: Ha come oggetto esclusivo la gestione di fondi europei per conto dello Stato o delle Regioni, ovvero la realizzazione di progetti di ricerca finanziati dalle istituzioni dell'Unione Europea (art. 26, co. 2)
A20: - | B20: È stata esclusa, con deliberazione adottata ai sensi dell'art. 4 co. 9, secondo periodo, dall'applicazione totale o parziale delle disposizioni del medesimo articolo (solo per le società partecipate dalle Regioni/Prov. Aut.)
A22: - | B22: È destinataria dei provvedimenti di cui al d.lgs. n. 159/2011 (art. 26, co. 12-bis)
A24: - | B24: È autorizzata alla gestione delle case da gioco, ai sensi della legislazione vigente (art. 26, co. 12-sexies)
B26: Qualora non sia stata selezionata alcuna delle opzioni indicate ai punti precedenti, indicare se la società:
A27: - | B27: È costituita in attuazione dell'art. 34 del regolamento CE n. 13/2013 - Gruppi d'Azione Locale (art. 4, co. 6)
A29: - | B29: Ha per oggetto sociale prevalente la gestione di spazi fieristici e l'organizzazione di eventi fieristici (art. 4, co. 7)
A31: - | B31: Ha per oggetto sociale prevalente la realizzazione e la gestione di impianti di trasporto a fune per la mobilità turistico-sportiva in aree montane (art. 4, co. 7)
A33: - | B33: Ha per oggetto sociale prevalente la produzione di energia da fonti rinnovabili (art. 4, co. 7)
A35: - | B35: Ha caratteristiche di spin off o di start up universitario, o analoghe a quelle degli enti di ricerca, ovvero gestisce aziende agricole con funzioni didattiche (art. 4, co. 8)
A37: - | B37: Produce un servizio di interesse generale a rete (di cui all'art. 3-bis del d.l. 138/2011) fuori dall'ambito territoriale di riferimento, con affidamento dei servizi, in corso e nuovi, tramite procedure ad evidenza pubblica (art. 4, co. 9-bis)
A39: - | B39: Produce beni e servizi strettamente necessari per il perseguimento delle finalità istituzionali dell'ente (art. 4, co. 1)
A41: - | B41: Produce un servizio di interesse generale (art. 4, co. 2, lett. a)
A43: - | B43: Progetta e realizza un'opera pubblica sulla base di un accordo di programma fra amministrazioni pubbliche (art. 4, co. 2, lett. b)
A45: - | B45: Realizza e gestisce un'opera pubblica ovvero organizza e gestisce un servizio di interesse generale attraverso un contratto di partenariato pubblico/privato (art. 4, co. 2, lett. c)
A47: - | B47: Produce beni o servizi strumentali all'ente o agli enti pubblici partecipanti o alla svolgimento delle loro funzioni(art. 4, co. 2, lett. d)
A49: - | B49: Svolge servizi di committenza (art. 4, co. 2, lett. e)
A51: - | B51: Valorizza il patrimonio immobiliare dell'amministrazione partecipante (art. 4, co. 3)
B53: Indicare le motivazioni della riconducibilità o meno ai vincoli di scopo di cui al co. 1 o ad una delle attività di cui ai commi 2 e 3, anche con riferimento alle società che svolgono le attività di cui ai commi 6, 7, 8:
B54: Lepida SpA, costituita con Legge Regionale n. 11/2004, è una società in house providing della Regione Emilia-Romagna e dei suoi enti soci e rappresenta lo strumento operativo per la pianificazione, l’ideazione, la progettazione, lo sviluppo, l’integrazione, il dispiegamento, la configurazione, l’esercizio, la realizzazione delle infrastrutture di telecomunicazione e dei servizi telematici (tra cui anche i servizi di DataCenter & Cloud) che sfruttano le infrastrutture di rete, per Soci e per Enti collegati alla Rete Lepida. La società è sottoposta al “controllo analogo congiunto” delle pubbliche amministrazioni socie per mezzo del comitato istituito ai sensi dell'art. 6, comma 4, L.R. Emilia-Romagna 24 maggio 2004, n. 11. L'attività svolta dalla società consente l'ottimizzazione dei costi e uniformità della rete informatica. A decorrere dall'1/01/2019 la società ha incorporato Cup 2000 s.c.p.a.
B56: (a): Inserire uno dei progressivi già indicati nelle schede di ricognizione (02.01; 02.02).
B57: (b): Inserire la ragione sociale come indicata nelle schede di ricognizione (02.01; 02.02).
B58: (c): Indicare il tipo di partecipazione distinguendo i casi in cui la società sia partecipata direttamente, indirettamente (tramite altra società/organismo),
B59: ovvero in parte direttamente e in parte indirettamente.
B60: (d): Inserire l'attività come indicata nelle schede di ricognizione (02.01; 02.02).

Sheet 03.01_ Montefalcone
B2: 03. REQUISITI TESTO UNICO DELLE SOCIETÀ A PARTECIPAZIONE PUBBLICA
B3: 03.01. Finalità perseguite e attività ammesse (articoli 1, 4 e 26)
B4: Compilare una scheda per ciascuna società
D5: Progressivo società partecipata: | E5: 7 | G5: (a)
D7: Denominazione società partecipata: | E7: Montefalcone Srl | G7: (b)
D9: Tipo partecipazione: | E9: Diretta | G9: (c)
D11: Attività svolta: | E11: Compravendita di beni immobili effettuata su beni propri | G11: (d)
B13: indicare se la società:
A14: - | B14: È a partecipazione pubblica di diritto singolare (art. 1 co. 4)
A16: - | B16: Rientra nell'Allegato "A" del d.lgs. n. 175/2016 (art. 26, co. 2)
A18: - | B18: Ha come oggetto esclusivo la gestione di fondi europei per conto dello Stato o delle Regioni, ovvero la realizzazione di progetti di ricerca finanziati dalle istituzioni dell'Unione Europea (art. 26, co. 2)
A20: - | B20: È stata esclusa, con deliberazione adottata ai sensi dell'art. 4 co. 9, secondo periodo, dall'applicazione totale o parziale delle disposizioni del medesimo articolo (solo per le società partecipate dalle Regioni/Prov. Aut.)
A22: - | B22: È destinataria dei provvedimenti di cui al d.lgs. n. 159/2011 (art. 26, co. 12-bis)
A24: - | B24: È autorizzata alla gestione delle case da gioco, ai sensi della legislazione vigente (art. 26, co. 12-sexies)
B26: Qualora non sia stata selezionata alcuna delle opzioni indicate ai punti precedenti, indicare se la società:
A27: - | B27: È costituita in attuazione dell'art. 34 del regolamento CE n. 13/2013 - Gruppi d'Azione Locale (art. 4, co. 6)
A29: - | B29: Ha per oggetto sociale prevalente la gestione di spazi fieristici e l'organizzazione di eventi fieristici (art. 4, co. 7)
A31: - | B31: Ha per oggetto sociale prevalente la realizzazione e la gestione di impianti di trasporto a fune per la mobilità turistico-sportiva in aree montane (art. 4, co. 7)
A33: - | B33: Ha per oggetto sociale prevalente la produzione di energia da fonti rinnovabili (art. 4, co. 7)
A35: - | B35: Ha caratteristiche di spin off o di start up universitario, o analoghe a quelle degli enti di ricerca, ovvero gestisce aziende agricole con funzioni didattiche (art. 4, co. 8)
A37: - | B37: Produce un servizio di interesse generale a rete (di cui all'art. 3-bis del d.l. 138/2011) fuori dall'ambito territoriale di riferimento, con affidamento dei servizi, in corso e nuovi, tramite procedure ad evidenza pubblica (art. 4, co. 9-bis)
A39: - | B39: Produce beni e servizi strettamente necessari per il perseguimento delle finalità istituzionali dell'ente (art. 4, co. 1)
A41: - | B41: Produce un servizio di interesse generale (art. 4, co. 2, lett. a)
A43: - | B43: Progetta e realizza un'opera pubblica sulla base di un accordo di programma fra amministrazioni pubbliche (art. 4, co. 2, lett. b)
A45: - | B45: Realizza e gestisce un'opera pubblica ovvero organizza e gestisce un servizio di interesse generale attraverso un contratto di partenariato pubblico/privato (art. 4, co. 2, lett. c)
A47: - | B47: Produce beni o servizi strumentali all'ente o agli enti pubblici partecipanti o alla svolgimento delle loro funzioni(art. 4, co. 2, lett. d)
A49: - | B49: Svolge servizi di committenza (art. 4, co. 2, lett. e)
A51: - | B51: Valorizza il patrimonio immobiliare dell'amministrazione partecipante (art. 4, co. 3)
B53: Indicare le motivazioni della riconducibilità o meno ai vincoli di scopo di cui al co. 1 o ad una delle attività di cui ai commi 2 e 3, anche con riferimento alle società che svolgono le attività di cui ai commi 6, 7, 8:
B54: La società è stata dichiarata fallita dal Tribunale di Reggio Emilia con sentenza n. 150 del 18/12/2014
B56: (a): Inserire uno dei progressivi già indicati nelle schede di ricognizione (02.01; 02.02).
B57: (b): Inserire la ragione sociale come indicata nelle schede di ricognizione (02.01; 02.02).
B58: (c): Indicare il tipo di partecipazione distinguendo i casi in cui la società sia partecipata direttamente, indirettamente (tramite altra società/organismo),
B59: ovvero in parte direttamente e in parte indirettamente.
B60: (d): Inserire l'attività come indicata nelle schede di ricognizione (02.01; 02.02).

Sheet 03.01_ REF
B2: 03. REQUISITI TESTO UNICO DELLE SOCIETÀ A PARTECIPAZIONE PUBBLICA
B3: 03.01. Finalità perseguite e attività ammesse (articoli 1, 4 e 26)
B4: Compilare una scheda per ciascuna società
D5: Progressivo società partecipata: | E5: 8 | G5: (a)
D7: Denominazione società partecipata: | E7: Reggio Emilia Fiere Srl in liquidazione | G7: (b)
D9: Tipo partecipazione: | E9: Diretta | G9: (c)
D11: Attività svolta: | E11: Gestione di centri fieristici e specificamente dei beni immobili e mobili adibiti a finalità ed usi fieristici, attività utili per lo sviluppo socio-economico della provincia di Reggio Emilia, realizzazione di immobili e di infrastrutture occorrenti | G11: (d)
B13: indicare se la società:
A14: - | B14: È a partecipazione pubblica di diritto singolare (art. 1 co. 4)
A16: - | B16: Rientra nell'Allegato "A" del d.lgs. n. 175/2016 (art. 26, co. 2)
A18: - | B18: Ha come oggetto esclusivo la gestione di fondi europei per conto dello Stato o delle Regioni, ovvero la realizzazione di progetti di ricerca finanziati dalle istituzioni dell'Unione Europea (art. 26, co. 2)
A20: - | B20: È stata esclusa, con deliberazione adottata ai sensi dell'art. 4 co. 9, secondo periodo, dall'applicazione totale o parziale delle disposizioni del medesimo articolo (solo per le società partecipate dalle Regioni/Prov. Aut.)
A22: - | B22: È destinataria dei provvedimenti di cui al d.lgs. n. 159/2011 (art. 26, co. 12-bis)
A24: - | B24: È autorizzata alla gestione delle case da gioco, ai sensi della legislazione vigente (art. 26, co. 12-sexies)
B26: Qualora non sia stata selezionata alcuna delle opzioni indicate ai punti precedenti, indicare se la società:
A27: - | B27: È costituita in attuazione dell'art. 34 del regolamento CE n. 13/2013 - Gruppi d'Azione Locale (art. 4, co. 6)
A29: - | B29: Ha per oggetto sociale prevalente la gestione di spazi fieristici e l'organizzazione di eventi fieristici (art. 4, co. 7)
A31: - | B31: Ha per oggetto sociale prevalente la realizzazione e la gestione di impianti di trasporto a fune per la mobilità turistico-sportiva in aree montane (art. 4, co. 7)
A33: - | B33: Ha per oggetto sociale prevalente la produzione di energia da fonti rinnovabili (art. 4, co. 7)
A35: - | B35: Ha caratteristiche di spin off o di start up universitario, o analoghe a quelle degli enti di ricerca, ovvero gestisce aziende agricole con funzioni didattiche (art. 4, co. 8)
A37: - | B37: Produce un servizio di interesse generale a rete (di cui all'art. 3-bis del d.l. 138/2011) fuori dall'ambito territoriale di riferimento, con affidamento dei servizi, in corso e nuovi, tramite procedure ad evidenza pubblica (art. 4, co. 9-bis)
A39: - | B39: Produce beni e servizi strettamente necessari per il perseguimento delle finalità istituzionali dell'ente (art. 4, co. 1)
A41: - | B41: Produce un servizio di interesse generale (art. 4, co. 2, lett. a)
A43: - | B43: Progetta e realizza un'opera pubblica sulla base di un accordo di programma fra amministrazioni pubbliche (art. 4, co. 2, lett. b)
A45: - | B45: Realizza e gestisce un'opera pubblica ovvero organizza e gestisce un servizio di interesse generale attraverso un contratto di partenariato pubblico/privato (art. 4, co. 2, lett. c)
A47: - | B47: Produce beni o servizi strumentali all'ente o agli enti pubblici partecipanti o alla svolgimento delle loro funzioni(art. 4, co. 2, lett. d)
A49: - | B49: Svolge servizi di committenza (art. 4, co. 2, lett. e)
A51: - | B51: Valorizza il patrimonio immobiliare dell'amministrazione partecipante (art. 4, co. 3)
B53: Indicare le motivazioni della riconducibilità o meno ai vincoli di scopo di cui al co. 1 o ad una delle attività di cui ai commi 2 e 3, anche con riferimento alle società che svolgono le attività di cui ai commi 6, 7, 8:
B54: In data 27/04/2015 è stato deliberato lo scioglimento della società e la nomina del liquidatore.
B56: (a): Inserire uno dei progressivi già indicati nelle schede di ricognizione (02.01; 02.02).
B57: (b): Inserire la ragione sociale come indicata nelle schede di ricognizione (02.01; 02.02).
B58: (c): Indicare il tipo di partecipazione distinguendo i casi in cui la società sia partecipata direttamente, indirettamente (tramite altra società/organismo),
B59: ovvero in parte direttamente e in parte indirettamente.
B60: (d): Inserire l'attività come indicata nelle schede di ricognizione (02.01; 02.02).

Sheet 03.01_ REI
B2: 03. REQUISITI TESTO UNICO DELLE SOCIETÀ A PARTECIPAZIONE PUBBLICA
B3: 03.01. Finalità perseguite e attività ammesse (articoli 1, 4 e 26)
B4: Compilare una scheda per ciascuna società
D5: Progressivo società partecipata: | E5: 9 | G5: (a)
D7: Denominazione società partecipata: | E7: Reggio Emilia Innovazione scrl - in liquidazione | G7: (b)
D9: Tipo partecipazione: | E9: Diretta | G9: (c)
D11: Attività svolta: | E11: Prestazioni di servizi alle aziende in forma di provedi laboratorio e attività tecniche correlate | G11: (d)
B13: indicare se la società:
A14: - | B14: È a partecipazione pubblica di diritto singolare (art. 1 co. 4)
A16: - | B16: Rientra nell'Allegato "A" del d.lgs. n. 175/2016 (art. 26, co. 2)
A18: - | B18: Ha come oggetto esclusivo la gestione di fondi europei per conto dello Stato o delle Regioni, ovvero la realizzazione di progetti di ricerca finanziati dalle istituzioni dell'Unione Europea (art. 26, co. 2)
A20: - | B20: È stata esclusa, con deliberazione adottata ai sensi dell'art. 4 co. 9, secondo periodo, dall'applicazione totale o parziale delle disposizioni del medesimo articolo (solo per le società partecipate dalle Regioni/Prov. Aut.)
A22: - | B22: È destinataria dei provvedimenti di cui al d.lgs. n. 159/2011 (art. 26, co. 12-bis)
A24: - | B24: È autorizzata alla gestione delle case da gioco, ai sensi della legislazione vigente (art. 26, co. 12-sexies)
B26: Qualora non sia stata selezionata alcuna delle opzioni indicate ai punti precedenti, indicare se la società:
A27: - | B27: È costituita in attuazione dell'art. 34 del regolamento CE n. 13/2013 - Gruppi d'Azione Locale (art. 4, co. 6)
A29: - | B29: Ha per oggetto sociale prevalente la gestione di spazi fieristici e l'organizzazione di eventi fieristici (art. 4, co. 7)
A31: - | B31: Ha per oggetto sociale prevalente la realizzazione e la gestione di impianti di trasporto a fune per la mobilità turistico-sportiva in aree montane (art. 4, co. 7)
A33: - | B33: Ha per oggetto sociale prevalente la produzione di energia da fonti rinnovabili (art. 4, co. 7)
A35: - | B35: Ha caratteristiche di spin off o di start up universitario, o analoghe a quelle degli enti di ricerca, ovvero gestisce aziende agricole con funzioni didattiche (art. 4, co. 8)
A37: - | B37: Produce un servizio di interesse generale a rete (di cui all'art. 3-bis del d.l. 138/2011) fuori dall'ambito territoriale di riferimento, con affidamento dei servizi, in corso e nuovi, tramite procedure ad evidenza pubblica (art. 4, co. 9-bis)
A39: - | B39: Produce beni e servizi strettamente necessari per il perseguimento delle finalità istituzionali dell'ente (art. 4, co. 1)
A41: - | B41: Produce un servizio di interesse generale (art. 4, co. 2, lett. a)
A43: - | B43: Progetta e realizza un'opera pubblica sulla base di un accordo di programma fra amministrazioni pubbliche (art. 4, co. 2, lett. b)
A45: - | B45: Realizza e gestisce un'opera pubblica ovvero organizza e gestisce un servizio di interesse generale attraverso un contratto di partenariato pubblico/privato (art. 4, co. 2, lett. c)
A47: - | B47: Produce beni o servizi strumentali all'ente o agli enti pubblici partecipanti o alla svolgimento delle loro funzioni(art. 4, co. 2, lett. d)
A49: - | B49: Svolge servizi di committenza (art. 4, co. 2, lett. e)
A51: - | B51: Valorizza il patrimonio immobiliare dell'amministrazione partecipante (art. 4, co. 3)
B53: Indicare le motivazioni della riconducibilità o meno ai vincoli di scopo di cui al co. 1 o ad una delle attività di cui ai commi 2 e 3, anche con riferimento alle società che svolgono le attività di cui ai commi 6, 7, 8:
B54: In data 13/07/2017 l'assemblea ha deliberato lo scioglimento anticipato della società e la nomina del liquidatore
B56: (a): Inserire uno dei progressivi già indicati nelle schede di ricognizione (02.01; 02.02).
B57: (b): Inserire la ragione sociale come indicata nelle schede di ricognizione (02.01; 02.02).
B58: (c): Indicare il tipo di partecipazione distinguendo i casi in cui la società sia partecipata direttamente, indirettamente (tramite altra società/organismo),
B59: ovvero in parte direttamente e in parte indirettamente.
B60: (d): Inserire l'attività come indicata nelle schede di ricognizione (02.01; 02.02).

Sheet 03.01_ CONSORZIO_ANTINCENDIO
B2: 03. REQUISITI TESTO UNICO DELLE SOCIETÀ A PARTECIPAZIONE PUBBLICA
B3: 03.01. Finalità perseguite e attività ammesse (articoli 1, 4 e 26)
B4: Compilare una scheda per ciascuna società
D5: Progressivo società partecipata: | E5: ind_1 | G5: (a)
D7: Denominazione società partecipata: | E7: CONSORZIO ANTINCENDIO AEROPORTO DI REGGIO EMILIA SCRL | G7: (b)
D9: Tipo partecipazione: | E9: Indiretta | G9: (c)
D11: Attività svolta: | E11: Espletamento dei servizi antincendio ai sensi della L. 930 del 23/12/1980 | G11: (d)
B13: indicare se la società:
A14: - | B14: È a partecipazione pubblica di diritto singolare (art. 1 co. 4)
A16: - | B16: Rientra nell'Allegato "A" del d.lgs. n. 175/2016 (art. 26, co. 2)
A18: - | B18: Ha come oggetto esclusivo la gestione di fondi europei per conto dello Stato o delle Regioni, ovvero la realizzazione di progetti di ricerca finanziati dalle istituzioni dell'Unione Europea (art. 26, co. 2)
A20: - | B20: È stata esclusa, con deliberazione adottata ai sensi dell'art. 4 co. 9, secondo periodo, dall'applicazione totale o parziale delle disposizioni del medesimo articolo (solo per le società partecipate dalle Regioni/Prov. Aut.)
A22: - | B22: È destinataria dei provvedimenti di cui al d.lgs. n. 159/2011 (art. 26, co. 12-bis)
A24: - | B24: È autorizzata alla gestione delle case da gioco, ai sensi della legislazione vigente (art. 26, co. 12-sexies)
B26: Qualora non sia stata selezionata alcuna delle opzioni indicate ai punti precedenti, indicare se la società:
A27: - | B27: È costituita in attuazione dell'art. 34 del regolamento CE n. 13/2013 - Gruppi d'Azione Locale (art. 4, co. 6)
A29: - | B29: Ha per oggetto sociale prevalente la gestione di spazi fieristici e l'organizzazione di eventi fieristici (art. 4, co. 7)
A31: - | B31: Ha per oggetto sociale prevalente la realizzazione e la gestione di impianti di trasporto a fune per la mobilità turistico-sportiva in aree montane (art. 4, co. 7)
A33: - | B33: Ha per oggetto sociale prevalente la produzione di energia da fonti rinnovabili (art. 4, co. 7)
A35: - | B35: Ha caratteristiche di spin off o di start up universitario, o analoghe a quelle degli enti di ricerca, ovvero gestisce aziende agricole con funzioni didattiche (art. 4, co. 8)
A37: - | B37: Produce un servizio di interesse generale a rete (di cui all'art. 3-bis del d.l. 138/2011) fuori dall'ambito territoriale di riferimento, con affidamento dei servizi, in corso e nuovi, tramite procedure ad evidenza pubblica (art. 4, co. 9-bis)
A39: - | B39: Produce beni e servizi strettamente necessari per il perseguimento delle finalità istituzionali dell'ente (art. 4, co. 1)
A41: - | B41: Produce un servizio di interesse generale (art. 4, co. 2, lett. a)
A43: - | B43: Progetta e realizza un'opera pubblica sulla base di un accordo di programma fra amministrazioni pubbliche (art. 4, co. 2, lett. b)
A45: - | B45: Realizza e gestisce un'opera pubblica ovvero organizza e gestisce un servizio di interesse generale attraverso un contratto di partenariato pubblico/privato (art. 4, co. 2, lett. c)
A47: - | B47: Produce beni o servizi strumentali all'ente o agli enti pubblici partecipanti o alla svolgimento delle loro funzioni(art. 4, co. 2, lett. d)
A49: - | B49: Svolge servizi di committenza (art. 4, co. 2, lett. e)
A51: - | B51: Valorizza il patrimonio immobiliare dell'amministrazione partecipante (art. 4, co. 3)
B53: Indicare le motivazioni della riconducibilità o meno ai vincoli di scopo di cui al co. 1 o ad una delle attività di cui ai commi 2 e 3, anche con riferimento alle società che svolgono le attività di cui ai commi 6, 7, 8:
B54: La società esercita servizi antincendio a favore della società Aeroporto così come previsti dalla normativa di settore.
B56: (a): Inserire uno dei progressivi già indicati nelle schede di ricognizione (02.01; 02.02).
B57: (b): Inserire la ragione sociale come indicata nelle schede di ricognizione (02.01; 02.02).
B58: (c): Indicare il tipo di partecipazione distinguendo i casi in cui la società sia partecipata direttamente, indirettamente (tramite altra società/organismo),
B59: ovvero in parte direttamente e in parte indirettamente.
B60: (d): Inserire l'attività come indicata nelle schede di ricognizione (02.01; 02.02).

Sheet 03.01_DINAMICA_SCRL 
B2: 03. REQUISITI TESTO UNICO DELLE SOCIETÀ A PARTECIPAZIONE PUBBLICA
B3: 03.01. Finalità perseguite e attività ammesse (articoli 1, 4 e 26)
B4: Compilare una scheda per ciascuna società
D5: Progressivo società partecipata: | E5: Ind_2 | G5: (a)
D7: Denominazione società partecipata: | E7: DINAMICA SCRL | G7: (b)
D9: Tipo partecipazione: | E9: Indiretta | G9: (c)
D11: Attività svolta: | E11: Ricerca e sviluppo nel comparto dell'economia agraria | G11: (d)
B13: indicare se la società:
A14: - | B14: È a partecipazione pubblica di diritto singolare (art. 1 co. 4)
A16: - | B16: Rientra nell'Allegato "A" del d.lgs. n. 175/2016 (art. 26, co. 2)
A18: - | B18: Ha come oggetto esclusivo la gestione di fondi europei per conto dello Stato o delle Regioni, ovvero la realizzazione di progetti di ricerca finanziati dalle istituzioni dell'Unione Europea (art. 26, co. 2)
A20: - | B20: È stata esclusa, con deliberazione adottata ai sensi dell'art. 4 co. 9, secondo periodo, dall'applicazione totale o parziale delle disposizioni del medesimo articolo (solo per le società partecipate dalle Regioni/Prov. Aut.)
A22: - | B22: È destinataria dei provvedimenti di cui al d.lgs. n. 159/2011 (art. 26, co. 12-bis)
A24: - | B24: È autorizzata alla gestione delle case da gioco, ai sensi della legislazione vigente (art. 26, co. 12-sexies)
B26: Qualora non sia stata selezionata alcuna delle opzioni indicate ai punti precedenti, indicare se la società:
A27: - | B27: È costituita in attuazione dell'art. 34 del regolamento CE n. 13/2013 - Gruppi d'Azione Locale (art. 4, co. 6)
A29: - | B29: Ha per oggetto sociale prevalente la gestione di spazi fieristici e l'organizzazione di eventi fieristici (art. 4, co. 7)
A31: - | B31: Ha per oggetto sociale prevalente la realizzazione e la gestione di impianti di trasporto a fune per la mobilità turistico-sportiva in aree montane (art. 4, co. 7)
A33: - | B33: Ha per oggetto sociale prevalente la produzione di energia da fonti rinnovabili (art. 4, co. 7)
A35: - | B35: Ha caratteristiche di spin off o di start up universitario, o analoghe a quelle degli enti di ricerca, ovvero gestisce aziende agricole con funzioni didattiche (art. 4, co. 8)
A37: - | B37: Produce un servizio di interesse generale a rete (di cui all'art. 3-bis del d.l. 138/2011) fuori dall'ambito territoriale di riferimento, con affidamento dei servizi, in corso e nuovi, tramite procedure ad evidenza pubblica (art. 4, co. 9-bis)
A39: - | B39: Produce beni e servizi strettamente necessari per il perseguimento delle finalità istituzionali dell'ente (art. 4, co. 1)
A41: - | B41: Produce un servizio di interesse generale (art. 4, co. 2, lett. a)
A43: - | B43: Progetta e realizza un'opera pubblica sulla base di un accordo di programma fra amministrazioni pubbliche (art. 4, co. 2, lett. b)
A45: - | B45: Realizza e gestisce un'opera pubblica ovvero organizza e gestisce un servizio di interesse generale attraverso un contratto di partenariato pubblico/privato (art. 4, co. 2, lett. c)
A47: - | B47: Produce beni o servizi strumentali all'ente o agli enti pubblici partecipanti o alla svolgimento delle loro funzioni(art. 4, co. 2, lett. d)
A49: - | B49: Svolge servizi di committenza (art. 4, co. 2, lett. e)
A51: - | B51: Valorizza il patrimonio immobiliare dell'amministrazione partecipante (art. 4, co. 3)
B53: Indicare le motivazioni della riconducibilità o meno ai vincoli di scopo di cui al co. 1 o ad una delle attività di cui ai commi 2 e 3, anche con riferimento alle società che svolgono le attività di cui ai commi 6, 7, 8:
B54: La società svolge servizi a favore della società CRPA.
B56: (a): Inserire uno dei progressivi già indicati nelle schede di ricognizione (02.01; 02.02).
B57: (b): Inserire la ragione sociale come indicata nelle schede di ricognizione (02.01; 02.02).
B58: (c): Indicare il tipo di partecipazione distinguendo i casi in cui la società sia partecipata direttamente, indirettamente (tramite altra società/organismo),
B59: ovvero in parte direttamente e in parte indirettamente.
B60: (d): Inserire l'attività come indicata nelle schede di ricognizione (02.01; 02.02).

Sheet 03.02_Condizioni_Autobrennero
B2: 03. REQUISITI TESTO UNICO DELLE SOCIETÀ A PARTECIPAZIONE PUBBLICA
B3: 03.02. Condizioni art. 20, co. 2
B4: Compilare una scheda per ciascuna società
D5: Progressivo società partecipata: | E5: 1 | G5: (a)
D7: Denominazione società partecipata: | E7: Autostrada del Brennero Spa | G7: (b)
D9: Tipo partecipazione: | E9: sia diretta che indiretta | G9: (c)
D11: Attività svolta: | E11: Progettazione, costruzione ed esercizio dell'autostrada A22 - Collegamento Autostrada del Sole | G11: (d)
B13: Indicare i seguenti dati con riferimento all'esercizio 2021:
G14: Importi in euro
B15: Numero medio dipendenti (e) | C15: 968 | F15: Costo del personale (f) | G15: 85840762
B16: Numero amministratori | C16: 14 | F16: Compensi amministratori | G16: =490700+21717 -> 512417
B17: di cui nominati dall'Ente | C17: 0 | D17: =+IF(C17>C16,"Attenzione! Il numero indicato non può essere superiore al numero di amministratori","") | F17: Compensi componenti organo di controllo | G17: =140000+17381+49950+5950 -> 213281
B18: Numero componenti organo di controllo | C18: 7
B19: di cui nominati dall'Ente | C19: 0 | D19: =+IF(C19>C18,"Attenzione! Il numero indicato non può essere superiore al numero di componenti dell'organo di controllo","")
C20: Importi in euro | G20: Importi in euro
B21: RISULTATO D'ESERCIZIO (g)
B22: 2021 | C22: 56951297 | F22: FATTURATO
B23: 2020 | C23: 20286514 | F23: 2021 | G23: 350006862
B24: 2019 | C24: 87086911 | F24: 2020 | G24: 303405028
B25: 2018 | C25: 68200598 | F25: 2019 | G25: 399201822
B26: 2017 | C26: 81737901 | F26: FATTURATO MEDIO | G26: =AVERAGE(G23:G25) -> 3.5087124e+08
B28: Sussistenza delle condizioni di cui all'art. 20, co. 2:
A30: - | B30: La partecipazione societaria non rientra in alcuna delle categorie di cui all'art. 4 (art. 20, co. 2, lett. a)
A32: - | B32: Società priva di dipendenti o con numero di amministratori superiore a quello dei dipendenti (art. 20, co. 2, lett. b)
A34: - | B34: Svolgimento di attività analoghe o similari a quelle svolte da altre società partecipate o da enti pubblici strumentali (art. 20, co. 2, lett. c)
B36: Indicare quali società/enti strumentali:
A39: - | B39: Fatturato medio non superiore a 1.000.000 euro nel triennio precedente (art. 20, co. 2, lett. d e art. 26, co. 12-quinquies)
A41: - | B41: Perdite in 4 dei 5 esercizi precedenti (per società che non gestiscono un servizio di interesse generale) (art. 20, co. 2, lett. e)
A43: - | B43: Necessità di contenimento dei costi di funzionamento (art. 20, co. 2, lett. f)
A45: - | B45: Necessità di aggregazione con altre società aventi ad oggetto le attività consentite all'art. 4 (art. 20, co. 2, lett. g)
B47: Indicare le motivazioni della sussistenza o meno delle condizioni di cui ai punti precedenti:
B48: La gestione della società è ampiamente in utile e garantisce annualmente un consistente dividendo alla provincia, necessario per il mantenimento degli equilibri di bilancio. Inoltre la società ha finanziato diverse opere stradali di adduzione nei comuni reggiani attraversati dalla A22.
B50: Azioni da intraprendere:
B51: La partecipazione va mantenuta in quanto qualsiasi azione di razionalizzazione arrecherebbe danni economici alla Provincia.
B53: (a): Inserire uno dei progressivi già indicati nelle schede di ricognizione (02.01; 02.02).
B54: (b): Inserire la ragione sociale come indicata nelle schede di ricognizione (02.01; 02.02).
B55: (c): Indicare il tipo di partecipazione distinguendo i casi in cui la società sia partecipata direttamente, indirettamente (tramite altra società/organismo),
B56: ovvero in parte direttamente e in parte indirettamente.
B57: (d): Inserire l'attività svolta come indicata nelle schede di ricognizione (02.01; 02.02).
B58: (e): Inserire il numero medio di dipendenti come da nota integrativa al bilancio.
B59: (f): Inserire la voce B9 del Conto economico.
B60: (g): Inserire il risultato d'esercizio al netto delle imposte.

Sheet 03.02_Condizioni_Agenzia_M.
B2: 03. REQUISITI TESTO UNICO DELLE SOCIETÀ A PARTECIPAZIONE PUBBLICA
B3: 03.02. Condizioni art. 20, co. 2
B4: Compilare una scheda per ciascuna società
D5: Progressivo società partecipata: | E5: 2 | G5: (a)
D7: Denominazione società partecipata: | E7: Agenzia Locale per la Mobilità e il trasporto pubblico locale | G7: (b)
D9: Tipo partecipazione: | E9: Diretta | G9: (c)
D11: Attività svolta: | E11: Attività di programmazione e progettazione integrata dei servizi pubblici di trasporto | G11: (d)
B13: Indicare i seguenti dati con riferimento all'esercizio 2021:
G14: Importi in euro
B15: Numero medio dipendenti (e) | C15: 9 | F15: Costo del personale (f) | G15: 468596
B16: Numero amministratori | C16: 1 | F16: Compensi amministratori | G16: 20000
B17: di cui nominati dall'Ente | C17: 0 | D17: =+IF(C17>C16,"Attenzione! Il numero indicato non può essere superiore al numero di amministratori","") | F17: Compensi componenti organo di controllo | G17: =8702+5800 -> 14502
B18: Numero componenti organo di controllo | C18: 1
B19: di cui nominati dall'Ente | C19: 0 | D19: =+IF(C19>C18,"Attenzione! Il numero indicato non può essere superiore al numero di componenti dell'organo di controllo","")
C20: Importi in euro | G20: Importi in euro
B21: RISULTATO D'ESERCIZIO (g) | F21: FATTURATO
B22: 2021 | C22: 66026 | F22: 2021 | G22: 910543
B23: 2020 | C23: 90014 | F23: 2020 | G23: 774722
B24: 2019 | C24: 73812 | F24: 2019 | G24: 832893
B25: 2018 | C25: 76521 | F25: FATTURATO MEDIO | G25: =(G22+G23+G24)/3 -> 839386
B26: 2017 | C26: 37472
B28: Sussistenza delle condizioni di cui all'art. 20, co. 2:
A30: - | B30: La partecipazione societaria non rientra in alcuna delle categorie di cui all'art. 4 (art. 20, co. 2, lett. a)
A32: - | B32: Società priva di dipendenti o con numero di amministratori superiore a quello dei dipendenti (art. 20, co. 2, lett. b)
A34: - | B34: Svolgimento di attività analoghe o similari a quelle svolte da altre società partecipate o da enti pubblici strumentali (art. 20, co. 2, lett. c)
B36: Indicare quali società/enti strumentali:
A39: - | B39: Fatturato medio non superiore a 1.000.000 euro nel triennio precedente (art. 20, co. 2, lett. d e art. 26, co. 12-quinquies)
A41: - | B41: Perdite in 4 dei 5 esercizi precedenti (per società che non gestiscono un servizio di interesse generale) (art. 20, co. 2, lett. e)
A43: - | B43: Necessità di contenimento dei costi di funzionamento (art. 20, co. 2, lett. f)
A45: - | B45: Necessità di aggregazione con altre società aventi ad oggetto le attività consentite all'art. 4 (art. 20, co. 2, lett. g)
B47: Indicare le motivazioni della sussistenza o meno delle condizioni di cui ai punti precedenti:
B48: La società svolge un servizio di interesse generale di cui all'art. 4 comma 2 lett.a. La società Agenzia locale per la mobilità ed il trasporto pubblico locale srl nel 2018 rispettava i parametri di cui all'articolo 20 co. 2 lettera d) così come rettificato dall'articolo 26 comma 12-quinquies per il triennio 2016-2018. Dal 2019, con l’entrata in vigore del nuovo parametro del fatturato medio superiore al milione di euro e non più superiore a 500 mila euro, la società non rispetterebbe più tale indicatore ottendendo un fatturato medio di importo pari a 839.386. Nel 2021 il fatturato è ormai prossimo al valore previsto di 1 milione di euro. E’ necessario tuttavia evidenziare che il valore della produzione complessivo medio di Agenzia nel triennio è pari a oltre 26 milioni di euro, se sommiamo al valore del fatturato suindicato anche i contributi regionali e comunali L. 30/98 che sono trasferiti annualmente alla società.
B50: Azioni da intraprendere:
B51: non si ritiene di intraprendere nessuna azione
B53: (a): Inserire uno dei progressivi già indicati nelle schede di ricognizione (02.01; 02.02).
B54: (b): Inserire la ragione sociale come indicata nelle schede di ricognizione (02.01; 02.02).
B55: (c): Indicare il tipo di partecipazione distinguendo i casi in cui la società sia partecipata direttamente, indirettamente (tramite altra società/organismo),
B56: ovvero in parte direttamente e in parte indirettamente.
B57: (d): Inserire l'attività svolta come indicata nelle schede di ricognizione (02.01; 02.02).
B58: (e): Inserire il numero medio di dipendenti come da nota integrativa al bilancio.
B59: (f): Inserire la voce B9 del Conto economico.
B60: (g): Inserire il risultato d'esercizio al netto delle imposte.

Sheet 03.02_Condizioni_Aeroporto
B2: 03. REQUISITI TESTO UNICO DELLE SOCIETÀ A PARTECIPAZIONE PUBBLICA
B3: 03.02. Condizioni art. 20, co. 2
B4: Compilare una scheda per ciascuna società
D5: Progressivo società partecipata: | E5: 3 | G5: (a)
D7: Denominazione società partecipata: | E7: Aeroporto Reggio Emilia Spa | G7: (b)
D9: Tipo partecipazione: | E9: Diretta | G9: (c)
D11: Attività svolta: | E11: Attività dei servizi connessi al trasporto aereo | G11: (d)
B13: Indicare i seguenti dati con riferimento all'esercizio 2021:
G14: Importi in euro
B15: Numero medio dipendenti (e) | C15: 3 | F15: Costo del personale (f) | G15: 126030
B16: Numero amministratori | C16: 1 | F16: Compensi amministratori | G16: 28000
B17: di cui nominati dall'Ente | C17: 0 | D17: =+IF(C17>C16,"Attenzione! Il numero indicato non può essere superiore al numero di amministratori","") | F17: Compensi componenti organo di controllo | G17: =11200+3200 -> 14400
B18: Numero componenti organo di controllo | C18: 5
B19: di cui nominati dall'Ente | C19: 0 | D19: =+IF(C19>C18,"Attenzione! Il numero indicato non può essere superiore al numero di componenti dell'organo di controllo","")
C20: Importi in euro | G20: Importi in euro
B21: RISULTATO D'ESERCIZIO (g) | F21: FATTURATO
B22: 2021 | C22: 4577 | F22: 2021 | G22: 601684
B23: 2020 | C23: 3123 | F23: 2020 | G23: 565563
B24: 2019 | C24: 20498 | F24: 2019 | G24: 646176
B25: 2018 | C25: 3435 | F25: FATTURATO MEDIO | G25: =(G24+G23+G22)/3 -> 604474.33
B26: 2017 | C26: 20912
B28: Sussistenza delle condizioni di cui all'art. 20, co. 2:
A30: - | B30: La partecipazione societaria non rientra in alcuna delle categorie di cui all'art. 4 (art. 20, co. 2, lett. a)
A32: - | B32: Società priva di dipendenti o con numero di amministratori superiore a quello dei dipendenti (art. 20, co. 2, lett. b)
A34: - | B34: Svolgimento di attività analoghe o similari a quelle svolte da altre società partecipate o da enti pubblici strumentali (art. 20, co. 2, lett. c)
B36: Indicare quali società/enti strumentali:
A39: - | B39: Fatturato medio non superiore a 1.000.000 euro nel triennio precedente (art. 20, co. 2, lett. d e art. 26, co. 12-quinquies)
A41: - | B41: Perdite in 4 dei 5 esercizi precedenti (per società che non gestiscono un servizio di interesse generale) (art. 20, co. 2, lett. e)
A43: - | B43: Necessità di contenimento dei costi di funzionamento (art. 20, co. 2, lett. f)
A45: - | B45: Necessità di aggregazione con altre società aventi ad oggetto le attività consentite all'art. 4 (art. 20, co. 2, lett. g)
B47: Indicare le motivazioni della sussistenza o meno delle condizioni di cui ai punti precedenti:
B48: La società Aeroporto nel 2018 rispettava i parametri di cui all'articolo 20 co. 2 lettera d) così come rettificato dall'articolo 26 comma 12-quinquies per il triennio 2016-2018. Dall 2019, con l’entrata in vigore del nuovo parametro del fatturato medio superiore al milione di euro e non più superiore a 500.000 euro, la società non rispetta più tale indicatore ottenendo un fatturato medio di importo pari a 604.474,33. I lavori di costruzione dell’Arena, che dovevano concludersi nel 2020 con la piena operatività della struttura e l’inizio della stagione dei concerti, hanno subito un forte rallentamento dovuto all’interruzione forzata delle attività per l’emergenza Covid-19. L'Arena è stata inaugurata il 4/06/2022 con il concerto di Ligabue. La società prevede che la curva dei ricavi supererà il milione di euro con 2 anni di ritardo, causa le restrizioni Covid.
B50: Azioni da intraprendere:
B51: Non si ritiene di intraprendere alcuna azione per le motivazioni sopra esposte.
B53: (a): Inserire uno dei progressivi già indicati nelle schede di ricognizione (02.01; 02.02).
B54: (b): Inserire la ragione sociale come indicata nelle schede di ricognizione (02.01; 02.02).
B55: (c): Indicare il tipo di partecipazione distinguendo i casi in cui la società sia partecipata direttamente, indirettamente (tramite altra società/organismo),
B56: ovvero in parte direttamente e in parte indirettamente.
B57: (d): Inserire l'attività svolta come indicata nelle schede di ricognizione (02.01; 02.02).
B58: (e): Inserire il numero medio di dipendenti come da nota integrativa al bilancio.
B59: (f): Inserire la voce B9 del Conto economico.
B60: (g): Inserire il risultato d'esercizio al netto delle imposte.

Sheet 03.02_Condizioni_Crpa
B2: 03. REQUISITI TESTO UNICO DELLE SOCIETÀ A PARTECIPAZIONE PUBBLICA
B3: 03.02. Condizioni art. 20, co. 2
B4: Compilare una scheda per ciascuna società
D5: Progressivo società partecipata: | E5: 4 | G5: (a)
D7: Denominazione società partecipata: | E7: Centro Ricerche Produzioni Animali - CRPA | G7: (b)
D9: Tipo partecipazione: | E9: Diretta | G9: (c)
D11: Attività svolta: | E11: Promuove il progresso tecnico, economico e sociale del settore degli allevamenti e realizza la diffusione delle forme più avanzate di agricoltura ecocompatibile. | G11: (d)
B13: Indicare i seguenti dati con riferimento all'esercizio 2021:
G14: Importi in euro
B15: Numero medio dipendenti (e) | C15: 34 | F15: Costo del personale (f) | G15: 1788357
B16: Numero amministratori | C16: 5 | F16: Compensi amministratori | G16: 0
B17: di cui nominati dall'Ente | C17: 0 | D17: =+IF(C17>C16,"Attenzione! Il numero indicato non può essere superiore al numero di amministratori","") | F17: Compensi componenti organo di controllo | G17: =9800+4200 -> 14000
B18: Numero componenti organo di controllo | C18: 5
B19: di cui nominati dall'Ente | C19: 0 | D19: =+IF(C19>C18,"Attenzione! Il numero indicato non può essere superiore al numero di componenti dell'organo di controllo","")
C20: Importi in euro | G20: Importi in euro
B21: RISULTATO D'ESERCIZIO (g)
B22: 2021 | C22: 17199 | F22: FATTURATO
B23: 2020 | C23: 3266 | F23: 2021 | G23: 2800247
B24: 2019 | C24: 34133 | F24: 2020 | G24: 3249985
B25: 2018 | C25: 15453 | F25: 2019 | G25: 2819067
B26: 2017 | C26: 26932 | F26: FATTURATO MEDIO | G26: =AVERAGE(G24:G25) -> 3034526
B28: Sussistenza delle condizioni di cui all'art. 20, co. 2:
A30: - | B30: La partecipazione societaria non rientra in alcuna delle categorie di cui all'art. 4 (art. 20, co. 2, lett. a)
A32: - | B32: Società priva di dipendenti o con numero di amministratori superiore a quello dei dipendenti (art. 20, co. 2, lett. b)
A34: - | B34: Svolgimento di attività analoghe o similari a quelle svolte da altre società partecipate o da enti pubblici strumentali (art. 20, co. 2, lett. c)
B36: Indicare quali società/enti strumentali:
A39: - | B39: Fatturato medio non superiore a 1.000.000 euro nel triennio precedente (art. 20, co. 2, lett. d e art. 26, co. 12-quinquies)
A41: - | B41: Perdite in 4 dei 5 esercizi precedenti (per società che non gestiscono un servizio di interesse generale) (art. 20, co. 2, lett. e)
A43: - | B43: Necessità di contenimento dei costi di funzionamento (art. 20, co. 2, lett. f)
A45: - | B45: Necessità di aggregazione con altre società aventi ad oggetto le attività consentite all'art. 4 (art. 20, co. 2, lett. g)
B47: Indicare le motivazioni della sussistenza o meno delle condizioni di cui ai punti precedenti:
B48: La società rispetta i parametri previsti dalla normativa
B50: Azioni da intraprendere:
B51: Dopo l'approvazione della trasformazione e delle relative modifiche statutarie con deliberazione del consiglio provinciale n.15 del 9/06/2022, l'Assemblea straordinaria dei soci in data 21/06/2022 ha recepito tale indirizzo ed approvato la trasformazione in scpa.
B53: (a): Inserire uno dei progressivi già indicati nelle schede di ricognizione (02.01; 02.02).
B54: (b): Inserire la ragione sociale come indicata nelle schede di ricognizione (02.01; 02.02).
B55: (c): Indicare il tipo di partecipazione distinguendo i casi in cui la società sia partecipata direttamente, indirettamente (tramite altra società/organismo),
B56: ovvero in parte direttamente e in parte indirettamente.
B57: (d): Inserire l'attività svolta come indicata nelle schede di ricognizione (02.01; 02.02).
B58: (e): Inserire il numero medio di dipendenti come da nota integrativa al bilancio.
B59: (f): Inserire la voce B9 del Conto economico.
B60: (g): Inserire il risultato d'esercizio al netto delle imposte.

Sheet 03.02_Condizioni_GAL
B2: 03. REQUISITI TESTO UNICO DELLE SOCIETÀ A PARTECIPAZIONE PUBBLICA
B3: 03.02. Condizioni art. 20, co. 2
B4: Compilare una scheda per ciascuna società
D5: Progressivo società partecipata: | E5: 5 | G5: (a)
D7: Denominazione società partecipata: | E7: GAL Antico Frignano e Appennino Reggiano Soc. coop. | G7: (b)
D9: Tipo partecipazione: | E9: Diretta | G9: (c)
D11: Attività svolta: | E11: Promozione e sviluppo zone montane | G11: (d)
B13: Indicare i seguenti dati con riferimento all'esercizio 2021:
G14: Importi in euro
B15: Numero medio dipendenti (e) | C15: 5 | F15: Costo del personale (f) | G15: 219546
B16: Numero amministratori | C16: 5 | F16: Compensi amministratori | G16: 0
B17: di cui nominati dall'Ente | C17: 0 | D17: =+IF(C17>C16,"Attenzione! Il numero indicato non può essere superiore al numero di amministratori","") | F17: Compensi componenti organo di controllo | G17: 3818
B18: Numero componenti organo di controllo | C18: 5
B19: di cui nominati dall'Ente | C19: 0 | D19: =+IF(C19>C18,"Attenzione! Il numero indicato non può essere superiore al numero di componenti dell'organo di controllo","")
C20: Importi in euro | G20: Importi in euro
B21: RISULTATO D'ESERCIZIO (g) | F21: FATTURATO
B22: 2021 | C22: 10457 | F22: 2021 | G22: =7800+8290 -> 16090
B23: 2020 | C23: 175 | F23: 2020 | G23: 8425
B24: 2019 | C24: 209 | F24: 2019 | G24: 318467
B25: 2018 | C25: 18 | F25: FATTURATO MEDIO | G25: =(G22+G23+G24)/3 -> 114327.33
B26: 2017 | C26: 715
B28: Sussistenza delle condizioni di cui all'art. 20, co. 2:
A30: - | B30: La partecipazione societaria non rientra in alcuna delle categorie di cui all'art. 4 (art. 20, co. 2, lett. a)
A32: - | B32: Società priva di dipendenti o con numero di amministratori superiore a quello dei dipendenti (art. 20, co. 2, lett. b)
A34: - | B34: Svolgimento di attività analoghe o similari a quelle svolte da altre società partecipate o da enti pubblici strumentali (art. 20, co. 2, lett. c)
B36: Indicare quali società/enti strumentali:
A39: - | B39: Fatturato medio non superiore a 1.000.000 euro nel triennio precedente (art. 20, co. 2, lett. d e art. 26, co. 12-quinquies)
A41: - | B41: Perdite in 4 dei 5 esercizi precedenti (per società che non gestiscono un servizio di interesse generale) (art. 20, co. 2, lett. e)
A43: - | B43: Necessità di contenimento dei costi di funzionamento (art. 20, co. 2, lett. f)
A45: - | B45: Necessità di aggregazione con altre società aventi ad oggetto le attività consentite all'art. 4 (art. 20, co. 2, lett. g)
B47: Indicare le motivazioni della sussistenza o meno delle condizioni di cui ai punti precedenti:
B48: la legge di bilancio 2019 all'art. 1 c. 724 ha introdotto un nuovo comma all'art. 26 del dlgs 175/2016, il comma 6 bis che dispone: "le disposizioni dell'art. 20 non si applicano alle società a partecipazione pubblica di cui all'art. 4, c. 6, cioè ai GAL. Questo comma sancisce l'esclusione dei GAL dalla razionalizzazione automatica prevista nei casi elencati dall'art. 20.
B50: Azioni da intraprendere:
B51: Non si ritiene di intraprendere alcuna azione
B53: (a): Inserire uno dei progressivi già indicati nelle schede di ricognizione (02.01; 02.02).
B54: (b): Inserire la ragione sociale come indicata nelle schede di ricognizione (02.01; 02.02).
B55: (c): Indicare il tipo di partecipazione distinguendo i casi in cui la società sia partecipata direttamente, indirettamente (tramite altra società/organismo),
B56: ovvero in parte direttamente e in parte indirettamente.
B57: (d): Inserire l'attività svolta come indicata nelle schede di ricognizione (02.01; 02.02).
B58: (e): Inserire il numero medio di dipendenti come da nota integrativa al bilancio.
B59: (f): Inserire la voce B9 del Conto economico.
B60: (g): Inserire il risultato d'esercizio al netto delle imposte.

Sheet 03.02_Condizioni_Lepida
B2: 03. REQUISITI TESTO UNICO DELLE SOCIETÀ A PARTECIPAZIONE PUBBLICA
B3: 03.02. Condizioni art. 20, co. 2
B4: Compilare una scheda per ciascuna società
D5: Progressivo società partecipata: | E5: 6 | G5: (a)
D7: Denominazione società partecipata: | E7: Lepida Scpa | G7: (b)
D9: Tipo partecipazione: | E9: Diretta | G9: (c)
D11: Attività svolta: | E11: Progettazione, realizzazione e gestione di servizi forniti tramite la rete di trasmissione dati a banda larga, realizzata dalla Regione Emilia-Romagna a favore degli Enti Pubblici, ai sensi dell'art. 9, c. 1 L.R. 11/2004 | G11: (d)
B13: Indicare i seguenti dati con riferimento all'esercizio 2021:
G14: Importi in euro
B15: Numero medio dipendenti (e) | C15: 611 | F15: Costo del personale (f) | G15: 26411866
B16: Numero amministratori | C16: 3 | F16: Compensi amministratori | G16: 40786
B17: di cui nominati dall'Ente | C17: 0 | D17: =+IF(C17>C16,"Attenzione! Il numero indicato non può essere superiore al numero di amministratori","") | F17: Compensi componenti organo di controllo | G17: =36400+19000 -> 55400
B18: Numero componenti organo di controllo | C18: 5
B19: di cui nominati dall'Ente | C19: 0 | D19: =+IF(C19>C18,"Attenzione! Il numero indicato non può essere superiore al numero di componenti dell'organo di controllo","")
C20: Importi in euro | G20: Importi in euro
B21: RISULTATO D'ESERCIZIO (g) | F21: FATTURATO
B22: 2021 | C22: 536895 | F22: 2021 | G22: =64061744+532263 -> 64594007
B23: 2020 | C23: 61229 | F23: 2020 | G23: 59563824
B24: 2019 | C24: 88539 | F24: 2019 | G24: 60510381
B25: 2018 | C25: 538915 | F25: FATTURATO MEDIO | G25: =(G22+G23+G24)/3 -> 61556071
B26: 2017 | C26: 309150
B28: Sussistenza delle condizioni di cui all'art. 20, co. 2:
A30: - | B30: La partecipazione societaria non rientra in alcuna delle categorie di cui all'art. 4 (art. 20, co. 2, lett. a)
A32: - | B32: Società priva di dipendenti o con numero di amministratori superiore a quello dei dipendenti (art. 20, co. 2, lett. b)
A34: - | B34: Svolgimento di attività analoghe o similari a quelle svolte da altre società partecipate o da enti pubblici strumentali (art. 20, co. 2, lett. c)
B36: Indicare quali società/enti strumentali:
A39: - | B39: Fatturato medio non superiore a 1.000.000 euro nel triennio precedente (art. 20, co. 2, lett. d e art. 26, co. 12-quinquies)
A41: - | B41: Perdite in 4 dei 5 esercizi precedenti (per società che non gestiscono un servizio di interesse generale) (art. 20, co. 2, lett. e)
A43: - | B43: Necessità di contenimento dei costi di funzionamento (art. 20, co. 2, lett. f)
A45: - | B45: Necessità di aggregazione con altre società aventi ad oggetto le attività consentite all'art. 4 (art. 20, co. 2, lett. g)
B47: Indicare le motivazioni della sussistenza o meno delle condizioni di cui ai punti precedenti:
B48: La società rispetta i parametri di cui all'art. 20, comma 2. L'attivazione dei servizi informatici tramite la società consente un risparmio dei costi per gli enti soci.
B50: Azioni da intraprendere:
B51: Non si ritiene di intraprendere alcuna azione.
B53: (a): Inserire uno dei progressivi già indicati nelle schede di ricognizione (02.01; 02.02).
B54: (b): Inserire la ragione sociale come indicata nelle schede di ricognizione (02.01; 02.02).
B55: (c): Indicare il tipo di partecipazione distinguendo i casi in cui la società sia partecipata direttamente, indirettamente (tramite altra società/organismo),
B56: ovvero in parte direttamente e in parte indirettamente.
B57: (d): Inserire l'attività svolta come indicata nelle schede di ricognizione (02.01; 02.02).
B58: (e): Inserire il numero medio di dipendenti come da nota integrativa al bilancio.
B59: (f): Inserire la voce B9 del Conto economico.
B60: (g): Inserire il risultato d'esercizio al netto delle imposte.

Sheet 03.02_Condizioni_Montefalcone
B2: 03. REQUISITI TESTO UNICO DELLE SOCIETÀ A PARTECIPAZIONE PUBBLICA
B3: 03.02. Condizioni art. 20, co. 2
B4: Compilare una scheda per ciascuna società
D5: Progressivo società partecipata: | E5: 7 | G5: (a)
D7: Denominazione società partecipata: | E7: Montefalcone S.r.l. - fallita | G7: (b)
D9: Tipo partecipazione: | E9: Diretta | G9: (c)
D11: Attività svolta: | E11: Compravendita di beni immobili effettuata su beni propri | G11: (d)
B13: Indicare i seguenti dati con riferimento all'esercizio 2021:
G14: Importi in euro
B15: Numero medio dipendenti (e) | F15: Costo del personale (f)
B16: Numero amministratori | F16: Compensi amministratori
B17: di cui nominati dall'Ente | D17: =+IF(C17>C16,"Attenzione! Il numero indicato non può essere superiore al numero di amministratori","") | F17: Compensi componenti organo di controllo
B18: Numero componenti organo di controllo
B19: di cui nominati dall'Ente | D19: =+IF(C19>C18,"Attenzione! Il numero indicato non può essere superiore al numero di componenti dell'organo di controllo","")
C20: Importi in euro | G20: Importi in euro
B21: RISULTATO D'ESERCIZIO (g) | F21: FATTURATO
B22: 2019 | F22: 2019
B23: 2018 | F23: 2018
B24: 2017 | F24: 2017
B25: 2016 | F25: FATTURATO MEDIO | N25: _
B26: 2015
B28: Sussistenza delle condizioni di cui all'art. 20, co. 2:
A30: - | B30: La partecipazione societaria non rientra in alcuna delle categorie di cui all'art. 4 (art. 20, co. 2, lett. a)
A32: - | B32: Società priva di dipendenti o con numero di amministratori superiore a quello dei dipendenti (art. 20, co. 2, lett. b)
A34: - | B34: Svolgimento di attività analoghe o similari a quelle svolte da altre società partecipate o da enti pubblici strumentali (art. 20, co. 2, lett. c)
B36: Indicare quali società/enti strumentali:
A39: - | B39: Fatturato medio non superiore a 1.000.000 euro nel triennio precedente (art. 20, co. 2, lett. d e art. 26, co. 12-quinquies)
A41: - | B41: Perdite in 4 dei 5 esercizi precedenti (per società che non gestiscono un servizio di interesse generale) (art. 20, co. 2, lett. e)
A43: - | B43: Necessità di contenimento dei costi di funzionamento (art. 20, co. 2, lett. f)
A45: - | B45: Necessità di aggregazione con altre società aventi ad oggetto le attività consentite all'art. 4 (art. 20, co. 2, lett. g)
B47: Indicare le motivazioni della sussistenza o meno delle condizioni di cui ai punti precedenti:
B48: La società è stata dichiarata fallita dal Tribunale di Reggio Emilia con sentenza n. 150 del 18/12/2014
B50: Azioni da intraprendere:
B53: (a): Inserire uno dei progressivi già indicati nelle schede di ricognizione (02.01; 02.02).
B54: (b): Inserire la ragione sociale come indicata nelle schede di ricognizione (02.01; 02.02).
B55: (c): Indicare il tipo di partecipazione distinguendo i casi in cui la società sia partecipata direttamente, indirettamente (tramite altra società/organismo),
B56: ovvero in parte direttamente e in parte indirettamente.
B57: (d): Inserire l'attività svolta come indicata nelle schede di ricognizione (02.01; 02.02).
B58: (e): Inserire il numero medio di dipendenti come da nota integrativa al bilancio.
B59: (f): Inserire la voce B9 del Conto economico.
B60: (g): Inserire il risultato d'esercizio al netto delle imposte.

Sheet 03.02_Condizioni_REF
B2: 03. REQUISITI TESTO UNICO DELLE SOCIETÀ A PARTECIPAZIONE PUBBLICA
B3: 03.02. Condizioni art. 20, co. 2
B4: Compilare una scheda per ciascuna società
D5: Progressivo società partecipata: | E5: 8 | G5: (a)
D7: Denominazione società partecipata: | E7: Reggio Emilia Fiere S.r.l. - in liquidazione | G7: (b)
D9: Tipo partecipazione: | E9: Diretta | G9: (c)
D11: Attività svolta: | E11: Gestione di centri fieristici e specificamente dei beni immobili e mobili adibiti a finalità ed usi fieristici, attività utili per lo sviluppo socio-economico della provincia di Reggio Emilia, realizzazione di immobili e di infrastrutture occorrenti | G11: (d)
B13: Indicare i seguenti dati con riferimento all'esercizio 2021:
G14: Importi in euro
B15: Numero medio dipendenti (e) | C15: 0 | F15: Costo del personale (f) | G15: 0
B16: Numero liquidatori | C16: 1 | F16: Compensi liquidatore giudiziale | G16: 42460
B17: di cui nominati dall'Ente | C17: 0 | D17: =+IF(C17>C16,"Attenzione! Il numero indicato non può essere superiore al numero di amministratori","") | F17: Compensi componenti organo di controllo | G17: 0
B18: Numero componenti organo di controllo | C18: 0
B19: di cui nominati dall'Ente | C19: 0 | D19: =+IF(C19>C18,"Attenzione! Il numero indicato non può essere superiore al numero di componenti dell'organo di controllo","")
C20: Importi in euro | G20: Importi in euro
B21: RISULTATO D'ESERCIZIO (g) | F21: FATTURATO
B22: 2021 | C22: -1260718 | F22: 2021 | G22: =212000+3262 -> 215262
B23: 2020 | C23: -1598257 | F23: 2020 | G23: 97484
B24: 2019 | C24: -1669191 | F24: 2019 | G24: 106150
B25: 2018 | C25: -15797077 | F25: FATTURATO MEDIO | G25: =(G22+G23+G24)/3 -> 139632
B26: 2017 | C26: -224241
B28: Sussistenza delle condizioni di cui all'art. 20, co. 2:
A30: - | B30: La partecipazione societaria non rientra in alcuna delle categorie di cui all'art. 4 (art. 20, co. 2, lett. a)
A32: - | B32: Società priva di dipendenti o con numero di amministratori superiore a quello dei dipendenti (art. 20, co. 2, lett. b)
A34: - | B34: Svolgimento di attività analoghe o similari a quelle svolte da altre società partecipate o da enti pubblici strumentali (art. 20, co. 2, lett. c)
B36: Indicare quali società/enti strumentali:
A39: - | B39: Fatturato medio non superiore a 1.000.000 euro nel triennio precedente (art. 20, co. 2, lett. d e art. 26, co. 12-quinquies)
A41: - | B41: Perdite in 4 dei 5 esercizi precedenti (per società che non gestiscono un servizio di interesse generale) (art. 20, co. 2, lett. e)
A43: - | B43: Necessità di contenimento dei costi di funzionamento (art. 20, co. 2, lett. f)
A45: - | B45: Necessità di aggregazione con altre società aventi ad oggetto le attività consentite all'art. 4 (art. 20, co. 2, lett. g)
B47: Indicare le motivazioni della sussistenza o meno delle condizioni di cui ai punti precedenti:
B48: Società in liquidazione dal 27/04/2015
B50: Azioni da intraprendere:
B51: Il liquidatore prevede che la liquidazione terminerà entro i primi mesi del 2023.
B53: (a): Inserire uno dei progressivi già indicati nelle schede di ricognizione (02.01; 02.02).
B54: (b): Inserire la ragione sociale come indicata nelle schede di ricognizione (02.01; 02.02).
B55: (c): Indicare il tipo di partecipazione distinguendo i casi in cui la società sia partecipata direttamente, indirettamente (tramite altra società/organismo),
B56: ovvero in parte direttamente e in parte indirettamente.
B57: (d): Inserire l'attività svolta come indicata nelle schede di ricognizione (02.01; 02.02).
B58: (e): Inserire il numero medio di dipendenti come da nota integrativa al bilancio.
B59: (f): Inserire la voce B9 del Conto economico.
B60: (g): Inserire il risultato d'esercizio al netto delle imposte.

Sheet 03.02_Condizioni_REI
B2: 03. REQUISITI TESTO UNICO DELLE SOCIETÀ A PARTECIPAZIONE PUBBLICA
B3: 03.02. Condizioni art. 20, co. 2
B4: Compilare una scheda per ciascuna società
D5: Progressivo società partecipata: | E5: 9 | G5: (a)
D7: Denominazione società partecipata: | E7: Reggio Emilia Innovazione scrl - in liquidazione | G7: (b)
D9: Tipo partecipazione: | E9: Diretta | G9: (c)
D11: Attività svolta: | E11: Prestazioni di servizi alle aziende in forma di provedi laboratorio e attività tecniche correlate | G11: (d)
B13: Indicare i seguenti dati con riferimento all'esercizio 2021:
G14: Importi in euro
B15: Numero medio dipendenti (e) | C15: 0 | F15: Costo del personale (f) | G15: 0
B16: Numero Liquidatori | C16: 2 | F16: Compensi liquidatori | G16: 0
B17: di cui nominati dall'Ente | C17: 0 | D17: =+IF(C17>C16,"Attenzione! Il numero indicato non può essere superiore al numero di amministratori","") | F17: Compensi componenti organo di controllo | G17: 0
B18: Numero componenti organo di controllo | C18: 0
B19: di cui nominati dall'Ente | C19: 0 | D19: =+IF(C19>C18,"Attenzione! Il numero indicato non può essere superiore al numero di componenti dell'organo di controllo","")
C20: Importi in euro | G20: Importi in euro
B21: RISULTATO D'ESERCIZIO (g) | F21: FATTURATO
B22: 2021 | C22: -13263 | F22: 2021 | G22: 687
B23: 2020 | C23: 96157 | F23: 2020 | G23: 96089
B24: 2019 | C24: -2320 | F24: 2019 | G24: 50044
B25: 2018 | C25: 1223715 | F25: FATTURATO MEDIO | G25: =(G24+G23+G22)/3 -> 48940
B26: 2017 | C26: -306200
B28: Sussistenza delle condizioni di cui all'art. 20, co. 2:
A30: - | B30: La partecipazione societaria non rientra in alcuna delle categorie di cui all'art. 4 (art. 20, co. 2, lett. a)
A32: - | B32: Società priva di dipendenti o con numero di amministratori superiore a quello dei dipendenti (art. 20, co. 2, lett. b)
A34: - | B34: Svolgimento di attività analoghe o similari a quelle svolte da altre società partecipate o da enti pubblici strumentali (art. 20, co. 2, lett. c)
B36: Indicare quali società/enti strumentali:
A39: - | B39: Fatturato medio non superiore a 1.000.000 euro nel triennio precedente (art. 20, co. 2, lett. d e art. 26, co. 12-quinquies)
A41: - | B41: Perdite in 4 dei 5 esercizi precedenti (per società che non gestiscono un servizio di interesse generale) (art. 20, co. 2, lett. e)
A43: - | B43: Necessità di contenimento dei costi di funzionamento (art. 20, co. 2, lett. f)
A45: - | B45: Necessità di aggregazione con altre società aventi ad oggetto le attività consentite all'art. 4 (art. 20, co. 2, lett. g)
B47: Indicare le motivazioni della sussistenza o meno delle condizioni di cui ai punti precedenti:
B48: Società in liquidazione dal 13 luglio 2017
B50: Azioni da intraprendere:
B51: L’assemblea della società Reggio Emilia Innovazione il 13/7/2017 ha deliberato lo scioglimento della società e la nomina dei liquidatori. I liquidatori dichiarano che, allo stato attuale, è ragionevole ipotizzare che la liquidazione si chiuderà in bonis, ancorchè con un residuo attivo leggermente superiore a quanto precedentemente previsto,e che la società non verrà estinta prima dell'avvenuto decorso di un quinquiennio dalle operazioni di cessione di azienda, quindi non prima del 2023.
B53: (a): Inserire uno dei progressivi già indicati nelle schede di ricognizione (02.01; 02.02).
B54: (b): Inserire la ragione sociale come indicata nelle schede di ricognizione (02.01; 02.02).
B55: (c): Indicare il tipo di partecipazione distinguendo i casi in cui la società sia partecipata direttamente, indirettamente (tramite altra società/organismo),
B56: ovvero in parte direttamente e in parte indirettamente.
B57: (d): Inserire l'attività svolta come indicata nelle schede di ricognizione (02.01; 02.02).
B58: (e): Inserire il numero medio di dipendenti come da nota integrativa al bilancio.
B59: (f): Inserire la voce B9 del Conto economico.
B60: (g): Inserire il risultato d'esercizio al netto delle imposte.

Sheet 03.02_CONSORZIO_ANTINCENDIO
B2: 03. REQUISITI TESTO UNICO DELLE SOCIETÀ A PARTECIPAZIONE PUBBLICA
B3: 03.02. Condizioni art. 20, co. 2
B4: Compilare una scheda per ciascuna società
D5: Progressivo società partecipata: | E5: 1 | G5: (a)
D7: Denominazione società partecipata: | E7: CONSORZIO ANTINCENDIO AEROPORTO DI REGGIO EMILIA SCRL | G7: (b)
D9: Tipo partecipazione: | E9: Indiretta | G9: (c)
D11: Attività svolta: | E11: Espletamento dei servizi antincendio ai sensi della L. 930 del 23/12/1980 | G11: (d)
B13: Indicare i seguenti dati con riferimento all'esercizio 2021:
G14: Importi in euro
B15: Numero medio dipendenti (e) | C15: 1 | F15: Costo del personale (f) | G15: 31270
B16: Numero amministratori | C16: 6 | F16: Compensi amministratori | G16: 0
B17: di cui nominati dall'Ente | C17: 0 | D17: =+IF(C17>C16,"Attenzione! Il numero indicato non può essere superiore al numero di amministratori","") | F17: Compensi componenti organo di controllo | G17: 0
B18: Numero componenti organo di controllo | C18: 0
B19: di cui nominati dall'Ente | C19: 0 | D19: =+IF(C19>C18,"Attenzione! Il numero indicato non può essere superiore al numero di componenti dell'organo di controllo","")
G20: Importi in euro
B21: RISULTATO D'ESERCIZIO (g) | F21: FATTURATO
B22: 2021 | C22: 1353 | F22: 2021 | G22: =47378+1583 -> 48961
B23: 2020 | C23: 568 | F23: 2020 | G23: 44083
B24: 2019 | C24: 2755 | F24: 2019 | G24: 47687
B25: 2018 | C25: 3341 | F25: FATTURATO MEDIO | G25: =(G24+G23+G22)/3 -> 46910.333
B26: 2017 | C26: 10971
B28: Sussistenza delle condizioni di cui all'art. 20, co. 2:
A30: - | B30: La partecipazione societaria non rientra in alcuna delle categorie di cui all'art. 4 (art. 20, co. 2, lett. a)
A32: - | B32: Società priva di dipendenti o con numero di amministratori superiore a quello dei dipendenti (art. 20, co. 2, lett. b)
A34: - | B34: Svolgimento di attività analoghe o similari a quelle svolte da altre società partecipate o da enti pubblici strumentali (art. 20, co. 2, lett. c)
B36: Indicare quali società/enti strumentali:
A39: - | B39: Fatturato medio non superiore a 1.000.000 euro nel triennio precedente (art. 20, co. 2, lett. d e art. 26, co. 12-quinquies)
A41: - | B41: Perdite in 4 dei 5 esercizi precedenti (per società che non gestiscono un servizio di interesse generale) (art. 20, co. 2, lett. e)
A43: - | B43: Necessità di contenimento dei costi di funzionamento (art. 20, co. 2, lett. f)
A45: - | B45: Necessità di aggregazione con altre società aventi ad oggetto le attività consentite all'art. 4 (art. 20, co. 2, lett. g)
B47: Indicare le motivazioni della sussistenza o meno delle condizioni di cui ai punti precedenti:
B48: La società non rispetta i parametri di cui all'art. 20, comma 2, lettere b e d. La costituzione della società è comunque obbbligatoria per legge. La società però esercita servizi antincendio a favore della società Aeroporto nelle forme previste dalla normativa di settore.
B50: Azioni da intraprendere:
B51: Non si ritiene di intraprendere alcuna azione.
B53: (a): Inserire uno dei progressivi già indicati nelle schede di ricognizione (02.01; 02.02).
B54: (b): Inserire la ragione sociale come indicata nelle schede di ricognizione (02.01; 02.02).
B55: (c): Indicare il tipo di partecipazione distinguendo i casi in cui la società sia partecipata direttamente, indirettamente (tramite altra società/organismo),
B56: ovvero in parte direttamente e in parte indirettamente.
B57: (d): Inserire l'attività svolta come indicata nelle schede di ricognizione (02.01; 02.02).
B58: (e): Inserire il numero medio di dipendenti come da nota integrativa al bilancio.
B59: (f): Inserire la voce B9 del Conto economico.
B60: (g): Inserire il risultato d'esercizio al netto delle imposte.

Sheet 03.02_DINAMICA_SCRL
B2: 03. REQUISITI TESTO UNICO DELLE SOCIETÀ A PARTECIPAZIONE PUBBLICA
B3: 03.02. Condizioni art. 20, co. 2
B4: Compilare una scheda per ciascuna società
D5: Progressivo società partecipata: | E5: 2 | G5: (a)
D7: Denominazione società partecipata: | E7: DINAMICA SCRL | G7: (b)
D9: Tipo partecipazione: | E9: Indiretta | G9: (c)
D11: Attività svolta: | E11: Ricerca e sviluppo nel comparto dell'economia agraria | G11: (d)
B13: Indicare i seguenti dati con riferimento all'esercizio 2021:
G14: Importi in euro
B15: Numero medio dipendenti (e) | C15: 38 | F15: Costo del personale (f) | G15: 2193303
B16: Numero amministratori | C16: 3 | F16: Compensi amministratori | G16: 24336
B17: di cui nominati dall'Ente | C17: 0 | D17: =+IF(C17>C16,"Attenzione! Il numero indicato non può essere superiore al numero di amministratori","") | F17: Compensi componenti organo di controllo | G17: 10150
B18: Numero componenti organo di controllo | C18: 1
B19: di cui nominati dall'Ente | C19: 0 | D19: =+IF(C19>C18,"Attenzione! Il numero indicato non può essere superiore al numero di componenti dell'organo di controllo","")
G20: Importi in euro
B21: RISULTATO D'ESERCIZIO (g) | F21: FATTURATO
B22: 2021 | C22: 88899 | F22: 2021 | G22: =2507279+2121304 -> 4628583
B23: 2020 | C23: 21082 | F23: 2020 | G23: 3646063
B24: 2019 | C24: 49942 | F24: 2019 | G24: 5344705
B25: 2018 | C25: -90770 | F25: FATTURATO MEDIO | G25: =(G24+G23+G22)/3 -> 4539783.7
B26: 2017 | C26: 51541
B28: Sussistenza delle condizioni di cui all'art. 20, co. 2:
A30: - | B30: La partecipazione societaria non rientra in alcuna delle categorie di cui all'art. 4 (art. 20, co. 2, lett. a)
A32: - | B32: Società priva di dipendenti o con numero di amministratori superiore a quello dei dipendenti (art. 20, co. 2, lett. b)
A34: - | B34: Svolgimento di attività analoghe o similari a quelle svolte da altre società partecipate o da enti pubblici strumentali (art. 20, co. 2, lett. c)
B36: Indicare quali società/enti strumentali:
A39: - | B39: Fatturato medio non superiore a 1.000.000 euro nel triennio precedente (art. 20, co. 2, lett. d e art. 26, co. 12-quinquies)
A41: - | B41: Perdite in 4 dei 5 esercizi precedenti (per società che non gestiscono un servizio di interesse generale) (art. 20, co. 2, lett. e)
A43: - | B43: Necessità di contenimento dei costi di funzionamento (art. 20, co. 2, lett. f)
A45: - | B45: Necessità di aggregazione con altre società aventi ad oggetto le attività consentite all'art. 4 (art. 20, co. 2, lett. g)
B47: Indicare le motivazioni della sussistenza o meno delle condizioni di cui ai punti precedenti:
B48: La società rispetta i parametri di cui all'art. 20, comma 2.
B50: Azioni da intraprendere:
B51: Non si ritiene di intraprendere alcuna azione di razionalizzazione.
B53: (a): Inserire uno dei progressivi già indicati nelle schede di ricognizione (02.01; 02.02).
B54: (b): Inserire la ragione sociale come indicata nelle schede di ricognizione (02.01; 02.02).
B55: (c): Indicare il tipo di partecipazione distinguendo i casi in cui la società sia partecipata direttamente, indirettamente (tramite altra società/organismo),
B56: ovvero in parte direttamente e in parte indirettamente.
B57: (d): Inserire l'attività svolta come indicata nelle schede di ricognizione (02.01; 02.02).
B58: (e): Inserire il numero medio di dipendenti come da nota integrativa al bilancio.
B59: (f): Inserire la voce B9 del Conto economico.
B60: (g): Inserire il risultato d'esercizio al netto delle imposte.

Sheet 04_Mantenimento
B1: 04. MANTENIMENTO SENZA INTERVENTI DI RAZIONALIZZAZIONE
B2: Compilare un record per ciascuna partecipazione che si intende mantenere senza interventi di razionalizzazione
B4: Progressivo | C4: Denominazione società | D4: Tipo di partecipazione | E4: Attività svolta | F4: % Quota di partecipazione | G4: Motivazioni della scelta
B5: A | C5: B | D5: C | E5: D | F5: E | G5: F
B6: 1 | C6: Autostrada del Brennero Spa | D6: sia diretta che indiretta | E6: Progettazione, costruzione ed esercizio dell'autostrada A22 - collegamento Autostrada del Sole | F6: 2.27 | G6: La società svolge funzioni di interesse generale compatibili con le funzioni assegnate alla Provincia dalla Legge 56/2014 quali la viabilità e i trasporti. La partecipazione consente all'Ente di intervenire sulla pianificazione del sistema viabilistico di lungo percorso sul territorio provinciale. La gestione della società è ampiamente in utile e garantisce annualmente un consistente dividendo alla provincia, necessario per il mantenimento degli equilibri di bilancio. Inoltre la società ha finanziato diverse opere stradali di adduzione nei comuni reggiani attraversati dalla A22. La Provincia detiene inoltre indirettamente tramite ACT una quota pari allo 0,094% che sommato alla quota diretta del 2,18 diventa pari a 2,27.
B7: 2 | C7: Agenzia Locale per la Mobilità e il Trasporto pubblico locale Srl | D7: Diretta | E7: Attività di programmazione e progettazione integrata dei servizi pubblici di trasporto | F7: 28.62 | G7: La società presenta risultati economici positivi dall'esercizio 2013 e anche per il 2021 è in equilibrio economico. Il preventivo 2022 non evidenzia criticità. E' strettamente necessaria per il perseguimento delle finalità istituzionali (articolo 4, comma 1): la sua costituzione è avvenuta in attuazione degli articolo 24 e 25 della L.R. 30 giugno 2008, n. 10 e per le finalità di cui alla L. R. Emilia Romagna n. 30 del 2 ottobre 1998. La partecipazione della Provincia di Reggio Emilia è obbligatoria alla luce della normativa pertanto la valutazione di stretta necessità è già stata compiuta dal legislatore a monte con l'emanazione delle leggi citate. Nel 2021 il fatturato è ormai prossimo al valore previsto di 1 milione di euro. E’ necessario tuttavia evidenziare che il valore della produzione complessivo medio di Agenzia nel triennio è pari a oltre 26 milioni di euro, se sommiamo al valore del fatturato suindicato anche i contributi regionali e comunali L. 30/98 che sono trasferiti annualmente alla società.
B8: 3 | C8: Aeroporto Reggio Emilia Spa | D8: Diretta | E8: Attività dei servizi connessi al trasporto aereo | F8: 17.94 | G8: La società è indispensabile a supporto dei programmi e delle politiche istituzionali del territorio: ha partecipato al Bando “POR FESR – Asse 5 Azione 6.7.1 Interventi per la tutela, la valorizzazione e la messa in rete del patrimonio culturale, materiale e immateriale, nelle aree di attrazione di rilevanza strategica tale da consolidare e promuovere processi di sviluppo” tramite il progetto “Arena Campovolo” e ha presentato alla Regione Emilia Romagna, in data 29 aprile 2016, domanda di finanziamento. La Regione, con deliberazione di G.R. del 24 ottobre 2016, ha concesso un contributo pari ad euro 1.700.000,00. Per svolgere le attività aeroportuali e sviluppare il progetto dell'Arena Campovolo è necessario lo strumento societario. L'efficace ed efficiente conduzione da parte di Aeroporto delle attività funzionali alla effettiva acquisizione del finanziamento POR FESR nonché alla realizzazione in finanza di progetto dell’intervento “Arena Eventi Campovolo” riveste prioritario pubblico interesse per il territorio reggiano, in ragione delle peculiari caratteristiche di attivatore culturale proprie del progetto, degli obiettivi con esso perseguiti, delle auspicate importanti positive ricadute territoriali derivanti dalla sua realizzazione nonché secondo quanto riconosciuto dalla Regione Emilia Romagna tramite la decisione di ammissione del progetto a finanziamento. La società non rispetta nel 2021 il parametro del fatturato medio superiore al milione di euro. I lavori di costruzione dell’Arena, che dovevano concludersi nel 2020 con la piena operatività della struttura e l’inizio della stagione dei concerti, hanno subito un forte rallentamento dovuto all’interruzione forzata delle attività per l’emergenza Covid19.. Relativamente all’Arena Campovolo è stato effettuato in data 29.12.2020 il collaudo finale dei lavori ed effettuata la relativa rendicontazione. L’inaugurazione dell’Arena con il concerto di Ligabue è avvenuta il 04.06.2022 .La società ha aggiornato il budget 2022. La società prevede il superamento del milione di euro di ricavi con un ritardo di 2 anni a seguito della piena operatività dell'Arena con il superamento dell'emergenza legata alla pandemia Covid 19. Si rammenta inoltre che nel corso degli anni la società ha operato una profonda ristrutturazione economica ed ora ha risultati tendenzialmente positivi e ha raggiunto, ormai da tempo, una totale autonomia dai finanziamenti pubblici, nell’ambito di strategie di sviluppo e di scenari prevedibili che restano favorevoli. In data 28.11.2018 è stato approvato in Consiglio Provinciale il patto parasociale tra i soci pubblici Comune di Reggio Emilia, Camera di Commercio di Reggio Emilia, Provincia di Reggio Emilia, per costituire un sindacato di controllo, ai sensi dell’articolo 2341 bis del Codice Civile, al fine di formalizzare l’esercizio dell’influenza dominante congiunta sulla società.
B9: 4 | C9: Centro Ricerche Produzioni Animali - CRPA Spa | D9: Diretta | E9: Promuovere il progresso tecnico, economico e sociale del settore degli allevamenti e realizzare la diffusione delle forme più avanzate di agricoltura ecocompatibile | F9: 20.83 | G9: Dall'anno 2005 il CRPA è iscritto nell’Albo dei laboratori accreditati al Ministero dell’istruzione, dell’università e della ricerca per svolgere attività di ricerca applicata per le piccole e medie imprese (PMI). Ha ottenuto inoltre i seguenti riconoscimenti: - Ente Organizzatore della domanda di ricerca (EOR) ai sensi della L.R. 28/98; - Laboratorio della rete alta tecnologia, accreditamento istituzionale della Regione Emilia-Romagna. La società, dopo la perdita registrata nell'esercizio 2015 ha ottenuto negli ultimi tre esercizi risultati economici positivi. In data 28.11.2018 è stato approvato in Consiglio Provinciale il patto parasociale tra i soci pubblici Comune di Reggio Emilia, Camera di Commercio di Reggio Emilia, Provincia di Reggio Emilia, per costituire un sindacato di controllo, ai sensi dell’articolo 2341 bis del Codice Civile, al fine di formalizzare l’esercizio dell’influenza dominante congiunta sulla società. Con deliberazione del consiglio provinciale n.15 del 9/06/2022 è stata approvata la trasformazione della società da Spa a Scpa e relative modifiche statutarie. In seguito l'Assemblea straordinaria dei soci in data 21/06/2022 ha recepito tale indirizzo ed approvato la trasformazione in scpa, per migliorare la sostenibilità economica della società, potendo in questo modo accedere a finanziamenti e contributi per l'attività di ricerca a ricaduta collettiva.
B10: 5 | C10: GAL Antico frignano e Appennino Reggiano Soc. Coop. | D10: Diretta | E10: Progettazione, realizzazione e gestione di servizi forniti tramite la rete di trasmissione dati a banda larga, realizzata dalla Regione Emilia-Romagna a favore degli Enti Pubblici, ai sensi dell'art. 9, comma 1 LR n. 11/2004 | F10: 5.02 | G10: La s. cpp. a r. l., è un soggetto obbligatorio previsto dal regolamento CE 1303/2013 ai fini della programmazione e gestione delle risorse comunitarie per le aree agricole montane, rende quindi disponibili beni e servizi essenziali direttamente alle aree montane e più in generale a tutta la comunità economica reggiana. Pertanto, mediante accordo sottoscritto in data 26/09/2017, le Unioni dei comuni reggiani hanno affidato alla Provincia di Reggio Emilia, ai sensi dell'art. 1 comma 85, lett. d), della legge 56/2014, la tutela dei comuni interessi in questo ambito da attuarsi mediante l'esercizio, in qualità di socio del GAL, dei relativi poteri di indirizzo.
B11: 6 | C11: Lepida Scpa | D11: Diretta | E11: Progettazione, realizzazione e gestione di servizi forniti tramite la rete di trasmissione dati a banda larga, realizzata dalla Regione Emilia-Romagna a favore degli Enti Pubblici, ai sensi dell'art. 9, comma 1 LR n. 11/2004 | F11: 0.001 | G11: La società è strettamente necessaria per il perseguimento delle finalità istituzionali (articolo 4, comma 1) posto che vengono svolte in coerenza con i compiti e le funzioni assegnate agli enti locali dalla LR. 24/5/2004, n. 11 e dalle Agende digitali Europea, nazionale e regionale e rispetta i parametri di cui all’articolo 20, comma 2 del D.Lgs. 175/2016. L’attività svolta dalla società consente l’ottimizzazione dei costi e permette di realizzare l'uniformità della rete informatica.
B12: Ind_1 | C12: Consorzio Antincendio Aeroporto di Reggio Emilia | D12: Indiretta | E12: Espletamento dei servizi antincendio ai sensi della L. 930 del 23/121980 | F12: 8.93 | G12: La societa’ esercita servizi anticendio a favore della societa’ Aeroporto cosi come previsti dalla normativa di settore. La società è stata costituita ai sensi della legge 23 dicembre 1980, n. 930 “norme sui servizi antincendi negli aeroporti e sui servizi di supporto tecnico ed amministrativo-contabile del corpo nazionale dei vigili del fuoco”. La suddetta normativa all'art. 3 stabilisce che: “negli aeroporti non compresi nella tabella a l'espletamento del servizio antincendi e' assicurato, a proprie cure e spese, dai titolari della licenza .... nel caso in cui in un medesimo aeroporto l'attivita' aerea sia gestita da piu' enti, questi dovranno consorziarsi ai fini dell'espletamento dei servizi antincendi.....” La costituzione della società è obbligatoria ai sensi di legge. La societa’ svolge attivita’ in favore della collettivita’ . L'attività della società si può inquadrare in quelle previste dall'articolo 4, comma 2, lettera d) del decreto legislativo 175/2016 la società inoltre non ha scopo di lucro e si propone di assicurare all'Aeroporto di Reggio Emilia l'espletamento dei servizio antincendio. In conformita' al disposto della citata legge 23.12.1980 n. 930, mediante il coordinamento e l'organizzazione in forma unitaria dell'attivita' e dei mezzi messi a disposizione dai soggetti e/o enti consorziati che espletano attivita' aerea nell'Aeroporto di Reggio Emilia.
B13: Ind_2 | C13: Dinamica Scrl | D13: Indiretta | E13: Ricerca e sviluppo nel comparto dell'economia agraria | F13: 18.33 | G13: La società svolge servizi a favore della società C.R.P.A. spa. La società rispetta i parametri di cui all’articolo 20 comma 2 pertanto non si ritiene di intraprendere alcuna azione di razionalizzazione.
B15: Colonna A: Inserire uno dei progressivi indicati nelle schede di ricognizione (02.01; 02.02).
B16: Colonna B: Inserire la ragione sociale come indicata nelle schede di ricognizione (02.01; 02.02).
B17: Colonna C: Indicare il tipo di partecipazione distinguendo i casi in cui la società sia partecipata direttamente, indirettamente (tramite altra società/organismo),
B18: oppure in parte direttamente e in parte indirettamente.
B19: Colonna D: Inserire l'attività svolta come indicata nelle schede di ricognizione (02.01; 02.02).
B20: Colonna E: Inserire la quota complessiva di partecipazione dell'Amministrazione, sommando le quote dirette (02.01 colonna E) e indirette (02.02 colonna G).
B21: Colonna F: Indicare la/le motivazioni della scelta di mantenimento della partecipazione senza alcun intervento di razionalizzazione.
B22: Allo scopo, specificare la sussistenza dei requisiti indicati dalla scheda 03.01 (stretta necessarietà della società alle finalità dell'ente e svolgimento da parte della
B23: medesima di una delle attività consentite dall'art. 4). In caso di attività inerenti ai servizi pubblici locali, esplicitare le ragioni della convenienza economica
B24: dell'erogazione del servizio mediante la società anzichè in forme alternative (gestione diretta, azienda speciale, ecc.) e della sostenibilità della scelta in termini di
B25: costo-opportunità per l'ente. Con riferimento alle condizioni di cui alla scheda 03.02, dichiarare espressamente che non ricorrono le condizioni ivi indicate e darne
B26: motivazione. In relazione ai servizi pubblici a rete di rilevanza economica, dare dimostrazione della non necessarietà di operazioni di aggregazione con altre società
B27: operanti nello stesso settore e del fatto che la società svolge servizi non compresi tra quelli da affidare per il tramite dell'Ente di Governo d'Ambito.

Sheet 05.03_Az_Liquid_R.E.F. Srl
B2: 05. AZIONI DI RAZIONALIZZAZIONE
B3: 05.03. Liquidazione
B4: Compilare una scheda per ciascuna partecipazione che si intende mettere in liquidazione
C6: Progressivo società partecipata: | D6: 8 | E6: (a) | G6: Quota di partecipazione detenuta: | H6: 12.72 | I6: (b)
C8: Denominazione società partecipata: | D8: REGGIO EMILIA FIERE Srl in liquidazione | I8: (c)
C10: Tipo partecipazione: | D10: Diretta | E10: (d)
C12: Attività svolta: | D12: Gestione di centri fieristici e specificamente dei beni immobili e mobili adibiti a finalità ed usi fieristici, attività utili per lo sviluppo socio-economico della provincia di Reggio Emilia, realizzazione di immobili e di infrastrutture occorrenti | H12: (e)
B14: Selezionare le motivazioni della scelta:
B15: Perdite reiterate | I15: (f)
B17: In caso di scelta dell'opzione "altro", specificare:
B20: Fornire ulteriori dettagli sulle motivazioni della scelta:
B23: Indicare le modalità di attuazione della liquidazione:
B24: Il liquidatore è stato nominato dall'assemblea in data 27/4/2015. La liquidazione riguarda ingenti complessi immobiliari ed aree edificabili. Il piano liquidatorio previsto dal Concordato Preventivo omologato dal Tribunale di Reggio Emilia prevede la cessione di beni dislocati sul territorio della Provincia di Reggio Emilia.
B26: Indicare i tempi stimati per la conclusione della procedura:
B27: La liquidazione è ancora in corso. Nel corso del 2022 la società ha ultimato la cessione di tutto l'attivo (immobili e terreni), il liquidatore giudiziale sta definendo il piano di riparto finale, che intende depositare entro la fine del 2022 o al massimo nei primi mesi del 2023.
B29: Indicare una stima dei risparmi attesi:
B30: Non si ipotizzano risparmi dall'operazione di liquidazione.
B32: (a): Inserire uno dei progressivi già indicati nelle schede di ricognizione (02.01; 02.02).
B33: (b): Inserire la quota complessiva di partecipazione dell'Amministrazione, sommando le quote dirette (02.01 colonna E) e indirette (02.02 colonna G).
B34: (c): Inserire la ragione sociale come indicata nelle schede di ricognizione (02.01; 02.02).
B35: (d): Indicare il tipo di partecipazione distinguendo i casi in cui la società sia partecipata direttamente, indirettamente (tramite altra società/organismo),
... B38: (f): Vedi scheda 06. "Appendice_motivazioni".
O42: ELENCO OPZIONI MOTIVAZIONI
O43: Internalizzazione delle attività svolte dalla società
O44: Scelta di gestione del servizio in forma alternativa
O45: Intervenuta modifica nella gestione/amministrazione della società, non condivisa dall’Ente
O46: Società inattiva o non più operativa
O47: Società non indispensabile per il perseguimento delle finalità dell'Ente
O48: Società composta da soli amministratori o con numero dipendenti inferiore al numero amministratori
O49: Società con fatturato medio inferiore ad 1 milione di euro nel triennio precedente
O50: Perdite reiterate
O51: Carenza persistente di liquidità
O52: Società con oggetto analogo o similare ad altri organismi partecipati dall'Ente
O53: Altro (specificare)

Sheet 05.03_Az_Liquid_R.E.I. Scrl
B2: 05. AZIONI DI RAZIONALIZZAZIONE
B3: 05.03. Liquidazione
B4: Compilare una scheda per ciascuna partecipazione che si intende mettere in liquidazione
C6: Progressivo società partecipata: | D6: 9 | E6: (a) | G6: Quota di partecipazione detenuta: | H6: 15.09 | I6: (b)
C8: Denominazione società partecipata: | D8: REGGIO EMILIA INNOVAZIONE SCRL in liquidazione | I8: (c)
C10: Tipo partecipazione: | D10: Diretta | E10: (d)
C12: Attività svolta: | D12: Prestazioni di servizi alle aziende in forma di provedi laboratorio e attività tecniche correlate | H12: (e)
B14: Selezionare le motivazioni della scelta:
B15: Perdite reiterate | I15: (f)
B17: In caso di scelta dell'opzione "altro", specificare:
B20: Fornire ulteriori dettagli sulle motivazioni della scelta:
B21: Riorganizzazione delle funzioni del trasferimento tecnologico sul territorio
B23: Indicare le modalità di attuazione della liquidazione:
B24: L'assemblea della società Reggio Emilia Innovazione il 13/7/2017 ha deliberato lo scioglimento e la nomina del liquidatore. Contestualmente sono stati posti in essere due contratti di affitto relativi ai due rami aziendali precedentemente gestiti dalla Società con diritto di opzione per l’acquisto dei rami affittati a condizioni predeterminate. Tale diritto è stato esercitato nel corso del 2018 ed è stato perfezionato il relativo trasferimento. Nel corso del 2020 e 2021 è continuata l’attività liquidatoria col pagamento dei creditori non ancora soddisfatti ed il recupero dei crediti esposti nel rendiconto degli amministratori, ad eccezione di alcune posizioni di cui si attende l'esito del contenzioso.
B26: Indicare i tempi stimati per la conclusione della procedura:
B27: I liquidatori evidenziano che la società non verrà estinta prima dell'avvenuto decorso di un quinquiennio dalle operazioni di cessione di azienda, quindi non prima della fine dell'anno 2023.
B29: Indicare una stima dei risparmi attesi:
B30: I liquidatori ipotizzano che la liquidazione si chiuderà in bonis, con un residuo attivo leggermente superiore a quanto precedentemente previsto in considerazione del manifestarsi della parziale esuberanza di alcuni fondi rischi prudenzialmente accantonati all'inizio della procedura liquidatoria.
B32: (a): Inserire uno dei progressivi già indicati nelle schede di ricognizione (02.01; 02.02).
B33: (b): Inserire la quota complessiva di partecipazione dell'Amministrazione, sommando le quote dirette (02.01 colonna E) e indirette (02.02 colonna G).
B34: (c): Inserire la ragione sociale come indicata nelle schede di ricognizione (02.01; 02.02).
... B38: (f): Vedi scheda 06. "Appendice_motivazioni".
O42: ELENCO OPZIONI MOTIVAZIONI
O43: Internalizzazione delle attività svolte dalla società
O44: Scelta di gestione del servizio in forma alternativa
O45: Intervenuta modifica nella gestione/amministrazione della società, non condivisa dall’Ente
O46: Società inattiva o non più operativa
O47: Società non indispensabile per il perseguimento delle finalità dell'Ente
O48: Società composta da soli amministratori o con numero dipendenti inferiore al numero amministratori
O49: Società con fatturato medio inferiore ad 1 milione di euro nel triennio precedente
O50: Perdite reiterate
O51: Carenza persistente di liquidità
O52: Società con oggetto analogo o similare ad altri organismi partecipati dall'Ente
O53: Altro (specificare)

Sheet 05.05_Riepilogo
B1: 05. AZIONI DI RAZIONALIZZAZIONE
B2: 05.05. Riepilogo
B4: Azione di razionalizzazione | C4: Progressivo | D4: Denominazione società | E4: % Quota di partecipazione | F4: Tempi di realizzazione degli interventi | G4: Risparmi attesi (importo)
B5: Contenimento dei costi
B8: Cessione/Alienazione quote
B11: Liquidazione | C11: 9 | D11: Reggio Emilia Fiere Scrl | E11: 12.72 | F11: 30/06/2023
C12: 10 | D12: Reggio Emilia Innovazione Scrl | E12: 15.09 | F12: 45291
B13: Fusione/Incorporazione
J22: Elenco progressivi partecipate dirette | K22: Elenco progressivi partecipate indirette
J23: =+#REF! -> #REF! | K23: =+'02.02_Ricognizione_Indirette'!B6 -> 1
J24: =+C5 -> 0 | K24: =+'02.02_Ricognizione_Indirette'!B7 -> 2
J25: =+C7 -> 0 | K25: =+'02.02_Ricognizione_Indirette'!B8 -> 0
J26: =+C8 -> 0 | K26: =+'02.02_Ricognizione_Indirette'!B13 -> 0
J27: =+C10 -> 0 | K27: =+'02.02_Ricognizione_Indirette'!B14 -> 0
J28: =+#REF! -> #REF! | K28: =+'02.02_Ricognizione_Indirette'!B15 -> 0
J29: =+C12 -> 10 | K29: =+'02.02_Ricognizione_Indirette'!B23 -> Colonna I: indicare una unica quota di partecipazione (comprensiva di decimali) determinata in proporzione alla quote di partecipazione dei livelli precedenti.
J30: =+C13 -> 0 | K30: =+'02.02_Ricognizione_Indirette'!B31 -> 0
J31: =+C15 -> 0 | K31: =+'02.02_Ricognizione_Indirette'!B32 -> 0
J32: =+#REF! -> #REF! | K32: =+'02.02_Ricognizione_Indirette'!B33 -> 0
J33: =+#REF! -> #REF! | K33: =+'02.02_Ricognizione_Indirette'!B34 -> 0
J34: =+#REF! -> #REF! | K34: =+'02.02_Ricognizione_Indirette'!B35 -> 0
J35: =+#REF! -> #REF! | K35: =+'02.02_Ricognizione_Indirette'!B36 -> 0
J36: =+#REF! -> #REF! | K36: =+'02.02_Ricognizione_Indirette'!B37 -> 0
J37: =+C16 -> 0 | K37: =+'02.02_Ricognizione_Indirette'!B38 -> 0
J38: =+C17 -> 0 | K38: =+'02.02_Ricognizione_Indirette'!B39 -> 0
J39: =+C18 -> 0 | K39: =+'02.02_Ricognizione_Indirette'!B40 -> 0
J40: =+C19 -> 0 | K40: =+'02.02_Ricognizione_Indirette'!B41 -> 0
J41: =+C20 -> 0 | K41: =+'02.02_Ricognizione_Indirette'!B42 -> 0
J42: =+C21 -> 0 | K42: =+'02.02_Ricognizione_Indirette'!B43 -> 0
J43: =+C22 -> 0 | K43: =+'02.02_Ricognizione_Indirette'!B44 -> 0
J44: =+C23 -> 0 | K44: =+'02.02_Ricognizione_Indirette'!B45 -> 0
J45: =+C24 -> 0 | K45: =+'02.02_Ricognizione_Indirette'!B46 -> 0
J46: =+C25 -> 0 | K46: =+'02.02_Ricognizione_Indirette'!B47 -> 0
J47: =+C26 -> 0 | K47: =+'02.02_Ricognizione_Indirette'!B48 -> 0
J48: =+C27 -> 0 | K48: =+'02.02_Ricognizione_Indirette'!B49 -> 0
... J63: =+C42 -> 0 | K63: =+'02.02_Ricognizione_Indirette'!B64 -> 0
H64: SI | I64: 2017
H65: NO | I65: =+I64-1 -> 2016
I66: =+I65-1 -> 2015
I67: =+I66-1 -> 2014
I68: =+I67-1 -> 2013
I69: =+I68-1 -> 2012
I70: =+I69-1 -> 2011
I71: =+I70-1 -> 2010
I72: =+I71-1 -> 2009
I73: =+I72-1 -> 2008
I74: =+I73-1 -> 2007
I75: =+I74-1 -> 2006
I76: =+I75-1 -> 2005
I77: =+I76-1 -> 2004
... I233: =+I232-1 -> 1848

Sheet 06._Elenco_motivazioni
B1: 06. ELENCO MOTIVAZIONI SCHEDE 05.02, 05.03 E 05.04
B3: Scheda 05.02: | D3: Cessione/Alienazione quote
D4: Nella "cella" relativa alla selezione delle motivazioni della scelta, dal menù a tendina
D5: è possibile scegliere tra le seguenti opzioni:
C7: - | D7: Internalizzazione delle attività svolte dalla società
C8: - | D8: Scelta di gestione del servizio in forma alternativa
C9: - | D9: Intervenuta modifica nella gestione/amministrazione della società, non condivisa dall’Ente
C10: - | D10: Società inattiva o non più operativa
C11: - | D11: Società non indispensabile per il perseguimento delle finalità dell'Ente
C12: - | D12: Società composta da soli amministratori o con numero dipendenti inferiore al numero amministratori
C13: - | D13: Società con fatturato medio inferiore a 500 mila euro nel triennio precedente
C14: - | D14: Perdite reiterate
C15: - | D15: Carenza persistente di liquidità
C16: - | D16: Società con oggetto analogo o similare ad altri organismi partecipati dall'Ente
C17: - | D17: Altro (specificare)
B19: Scheda 05.03: | D19: Liquidazione
D20: Nella "cella" relativa alla selezione delle motivazioni della scelta, dal menù a tendina
D21: è possibile scegliere tra le seguenti opzioni:
C23: - | D23: Internalizzazione delle attività svolte dalla società
C24: - | D24: Scelta di gestione del servizio in forma alternativa
C25: - | D25: Intervenuta modifica nella gestione/amministrazione della società, non condivisa dall’Ente
C26: - | D26: Società inattiva o non più operativa
C27: - | D27: Società non indispensabile per il perseguimento delle finalità dell'Ente
C28: - | D28: Società composta da soli amministratori o con numero dipendenti inferiore al numero amministratori
C29: - | D29: Società con fatturato medio inferiore a 500 mila euro euro nel triennio precedente
C30: - | D30: Perdite reiterate
C31: - | D31: Carenza persistente di liquidità
C32: - | D32: Società con oggetto analogo o similare ad altri organismi partecipati dall'Ente
C33: - | D33: Altro (specificare)
B35: Scheda 05.04: | D35: Fusione/Incorporazione
D36: Nella "cella" relativa alla selezione delle motivazioni della scelta, dal menù a tendina
D37: è possibile scegliere tra le seguenti opzioni:
C39: - | D39: Svolgimento di attività complementari o analoghe a quelle coinvolte nel progetto di fusione/incorporazione
C40: - | D40: Aggregazione di società di servizi pubblici locali a rilevanza economica
C41: - | D41: Riduzione/contenimento dei costi di funzionamento (compresi quelli degli amministratori e organi
D42: di revisione interna) o dei costi di produzione di beni e servizi
C43: - | D43: Compensazione di eventuali squilibri finanziari e/o economici preesistenti alla fusione/incorporazione
C44: - | D44: Realizzazione di economie di scala e di altre sinergie per l'integrazione di fasi consecutive della produzione
D45: di beni e servizi e/o migliore utilizzo degli impianti, delle attrezzature e del know how in uso
C46: - | D46: Altro (specificare)
